Workbook

Sheet CAPA LICITAÇÃO
B3: DADOS DA PROPOSTA
B4: Empresa licitante: PREENCHER SOMENTE AS CÉLULAS EM AMARELO.
B6: CNPJ:
B8: DADOS DA OBRA
B9: Objeto: Construção do 40º Grupamento Bombeiro Militar
B11: Local: Quadra 01 Área Especial 2 - Vila Estrutural/Setor Oeste - Brasília - DF - CEP: 71255-575
B12: Prazo de execução: 11 meses - 330 dias
B14: VALOR DA OBRA
B15: I -ITENS CUSTEADOS PELO CONVÊNIO | C15: =SMALL(RESUMO!F21:F21,1) -> 3315757.5
B16: II - ITENS CUSTEADOS EXCLUXIVAMENTE PELO CBMDF | C16: =SMALL(RESUMO!F32:F32,1) -> 78529.85
B17: I + II - TOTAL | C17: =C16+C15 -> 3394287.3
B20: Brasília-DF, xx de xxxxxxxx de 2026.
B27: __________________________________________________________
B28: RESPONSÁVEL TÉCNICO PELA ELABORAÇÃO DA PLANILHA (NOME COMPLETO)
B29: Responsável Técnico pela Elaboração da planilha e preços
B30: FORMAÇÃO E Nº DO REGISTRO EM CONSELHO
B31: NOME DA EMPRESA

Sheet CAPA CONVENIO
B2: CORPO DE BOMBEIROS MILITAR DO DISTRITO FEDERAL
B3: DEPARTAMENTO DE ADMINISTRAÇÃO LOGÍSTICA E FINANCEIRA
B4: DIRETORIA DE MATERIAIS E SERVIÇOS
B5: CENTRO DE OBRAS E MANUTENÇÃO PREDIAL
B9: DADOS DA OBRA:
B12: Objeto: Construção do 40º Grupamento Bombeiro Militar
B14: Local: Quadra 01 Área Especial 2 - Vila Estrutural/Setor Oeste - Brasília - DF - CEP: 71255-575
B15: Data Base SINAPI: 04/2025
B16: Encargos sociais: Sem desoneração
B18: VALOR DA OBRA:
B19: =SMALL(RESUMO!#REF!,1) -> #REF!
B22: NUMERO DA REVISÃO | C22: DATA DA ELABORAÇÃO
B23: 1 - Emissão inicial | C23: 45536
B24: 2 - Atualização data base Sinapi 04/2025 | C24: 45800
A36: ____________________________________
A37: Engenheiro Civil Felipe Jubé de Oliveira
A38: Responsável Técnico pela Elaboração da planilha e preços
A39: Cap QOBM/Compl.
A40: Matrícula 3053233 / CREA 20944/D-GO

Sheet RESUMO
B2: ='CAPA LICITAÇÃO'!B4 -> Empresa licitante: PREENCHER SOMENTE AS CÉLULAS EM AMARELO.
B3: ='CAPA LICITAÇÃO'!B6 -> CNPJ:
B4: ='CAPA LICITAÇÃO'!B9 -> Objeto: Construção do 40º Grupamento Bombeiro Militar
B5: ='CAPA LICITAÇÃO'!B11 -> Local: Quadra 01 Área Especial 2 - Vila Estrutural/Setor Oeste - Brasília - DF - CEP: 71255-575
B7: PROPOSTA - ITENS CONVÊNIO
B8: CÓDIGO | C8: ITEM | F8: PREÇO TOTAL COM BDI
B9: 1 | C9: SERVIÇOS PRELIMINARES | F9: =VLOOKUP(B9,'PLANILHA CUSTEIO CONVÊNIO'!A10:M722,11,FALSE) -> 210288.89
B10: 2 | C10: MOVIMENTAÇÃO DE TERRA E PAVIMENTAÇÃO | F10: =VLOOKUP(B10,'PLANILHA CUSTEIO CONVÊNIO'!A11:M723,11,FALSE) -> 360805.54
B11: 3 | C11: DRENAGEM | F11: =VLOOKUP(B11,'PLANILHA CUSTEIO CONVÊNIO'!A12:M724,11,FALSE) -> 85611.22
B12: 4 | C12: FUNDAÇÕES E ESTRUTURAS | F12: =VLOOKUP(B12,'PLANILHA CUSTEIO CONVÊNIO'!A13:M725,11,FALSE) -> 556276.85
B13: 5 | C13: ARQUITETURA E ELEMENTOS DE URBANISMO | F13: =VLOOKUP(B13,'PLANILHA CUSTEIO CONVÊNIO'!A14:M726,11,FALSE) -> 1136297.7
B14: 6 | C14: INSTALAÇÕES HIDRÁULICAS E SANITÁRIAS | F14: =VLOOKUP(B14,'PLANILHA CUSTEIO CONVÊNIO'!A15:M727,11,FALSE) -> 93796.42
B15: 7 | C15: INSTALAÇÕES ELÉTRICAS E ELETRÔNICAS | F15: =VLOOKUP(B15,'PLANILHA CUSTEIO CONVÊNIO'!A16:M728,11,FALSE) -> 270487.35
B16: 8 | C16: INSTALAÇÕES MECÂNICAS E DE UTILIDADES | F16: =VLOOKUP(B16,'PLANILHA CUSTEIO CONVÊNIO'!A17:M729,11,FALSE) -> 13715.21
B17: 9 | C17: INSTALAÇÕES DE PREVENÇÃO E COMBATE A INCÊNDIO E CENTRAL GLP | F17: =VLOOKUP(B17,'PLANILHA CUSTEIO CONVÊNIO'!A18:M730,11,FALSE) -> 5855.32
B18: 10 | C18: IMPERMEABILIZAÇÕES | F18: =VLOOKUP(B18,'PLANILHA CUSTEIO CONVÊNIO'!A19:M731,11,FALSE) -> 135720.72
B19: 11 | C19: SERVIÇOS COMPLEMENTARES | F19: =VLOOKUP(B19,'PLANILHA CUSTEIO CONVÊNIO'!A20:M732,11,FALSE) -> 6275.25
B20: 12 | C20: SERVIÇOS AUXILIARES E ADMINISTRATIVOS | F20: =VLOOKUP(B20,'PLANILHA CUSTEIO CONVÊNIO'!A21:M733,11,FALSE) -> 440626.98
B21: I - TOTAL ORÇAMENTO CUSTEADO PELO CONVÊNIO | F21: =SUM(F9:F20) -> 3315757.5
B23: PROPOSTA - ITENS CBMDF
B24: CÓDIGO | C24: ITEM | F24: PREÇO NÃO DESONERADO
B25: 1 | C25: ARQUITETURA | F25: =VLOOKUP(B25,'PLANILHA CUSTEIO CBMDF'!A10:M38,11,FALSE) -> 1198.03
B26: 2 | C26: RACK E ACESSÓRIOS | F26: =VLOOKUP(B26,'PLANILHA CUSTEIO CBMDF'!A11:M39,11,FALSE) -> 1121.24
B27: 3 | C27: CENTRAL GLP | F27: =VLOOKUP(B27,'PLANILHA CUSTEIO CBMDF'!A12:M40,11,FALSE) -> 418.39
B28: 4 | C28: SERVIÇOS COMPLEMENTARES | F28: =VLOOKUP(B28,'PLANILHA CUSTEIO CBMDF'!A13:M41,11,FALSE) -> 385.38
B29: 5 | C29: CABEAMENTO E CFTV | F29: =VLOOKUP(B29,'PLANILHA CUSTEIO CBMDF'!A14:M42,11,FALSE) -> 27799
B30: 6 | C30: SONORIZAÇÃO | F30: =VLOOKUP(B30,'PLANILHA CUSTEIO CBMDF'!A15:M43,11,FALSE) -> 22316.65
B31: 7 | C31: AR-CONDICIONADO | F31: =VLOOKUP(B31,'PLANILHA CUSTEIO CBMDF'!A16:M44,11,FALSE) -> 25291.16
B32: II - TOTAL ORÇAMENTO CUSTEADO EXCLUSIVAMENTE PELO CBMDF | F32: =SUM(F25:F31) -> 78529.85
B34: TOTAL PROPOSTA | F34: =F32+F21 -> 3394287.3
B37: ='CAPA LICITAÇÃO'!B20 -> Brasília-DF, xx de xxxxxxxx de 2026.
B40: ='CAPA LICITAÇÃO'!B27 -> __________________________________________________________
B41: ='CAPA LICITAÇÃO'!B28 -> RESPONSÁVEL TÉCNICO PELA ELABORAÇÃO DA PLANILHA (NOME COMPLETO)
B42: ='CAPA LICITAÇÃO'!B29 -> Responsável Técnico pela Elaboração da planilha e preços
B43: ='CAPA LICITAÇÃO'!B30 -> FORMAÇÃO E Nº DO REGISTRO EM CONSELHO
B44: ='CAPA LICITAÇÃO'!B31 -> NOME DA EMPRESA

Sheet CAPA BDI
B20: BENEFÍCIOS E DESPESAS INDIRETAS

Sheet BDI
A1: BDI | H1: BDI
A2: MEMÓRIA DE CÁLCULO DO BDI - OBRA | H2: MEMÓRIA DE CÁLCULO DO BDI – EQUIPAMENTOS
A3: BDI ESTABELECIDO PARA ESTE PROJETO | F3: =F27 -> 0.2094 | H3: BDI ESTABELECIDO PARA ESTE PROJETO | M3: =M27 -> 0.1528
A4: BDI ESTABELECIDO PARA ESTE PROJETO | H4: BDI ESTABELECIDO PARA ESTE PROJETO
A5: BDI APLICADO AO PROJETO - BASEADO MANUAL DE ORIENTAÇÕES PARA ELABORAÇÃO DE PLANILHAS ORÇAMENTÁRIAS DE OBRAS PÚBLICAS – TCU (2014) E RELATÓRIO DO ACORDÃO Nº 2.622/2013. | H5: BDI APLICADO AO PROJETO - BASEADO MANUAL DE ORIENTAÇÕES PARA ELABORAÇÃO DE PLANILHAS ORÇAMENTÁRIAS DE OBRAS PÚBLICAS – TCU (2014) E RELATÓRIO DO ACORDÃO Nº 2.622/2013.
A6: ITEM | B6: DISCRIMINAÇÃO | D6: TAXA % | E6: % | F6: TOTAL ACUMULADO | H6: ITEM | I6: DISCRIMINAÇÃO | K6: TAXA % | L6: % | M6: TOTAL ACUMULADO
A8: 01 | B8: AC (Taxa de rateio da administração central) | D8: 0.04 | E8: % | H8: 01 | I8: AC (Taxa de rateio da administração central) | K8: 0.0345 | L8: %
A9: 02 | B9: R (Riscos e imprevistos) | D9: 0.0127 | E9: % | H9: 02 | I9: R (Riscos e imprevistos) | K9: 0.0085 | L9: %
A10: 03 | B10: S (Taxa representativa de seguros) | D10: 0.008 | E10: % | H10: 03 | I10: S (Taxa representativa de seguros) | K10: 0.0048 | L10: %
A11: 04 | B11: G (Taxa que representa o ônus das garantias exigidas em edital) | H11: 04 | I11: G (Taxa que representa o ônus das garantias exigidas em edital)
B12: SUBTOTAL: | D12: =SUM(D8:D10) -> 0.0607 | F12: =D12 -> 0.0607 | I12: SUBTOTAL: | K12: =SUM(K8:K10) -> 0.0478 | M12: =K12 -> 0.0478
A14: 05 | B14: Despesas Financeiras | D14: 0.0123 | E14: % | H14: 05 | I14: Despesas Financeiras | K14: 0.0085 | L14: %
B15: SUBTOTAL: | D15: =D14 -> 0.0123 | F15: =D15 -> 0.0123 | I15: SUBTOTAL: | K15: =K14 -> 0.0085 | M15: =K15 -> 0.0085
B17: Taxa representativa de incidências de impostos (I) | I17: Taxa representativa de incidências de impostos (I)
A18: 06 | B18: COFINS - Contribuição para o Financiamento da Seguridade Social | D18: 0.03 | E18: % | H18: 06 | I18: COFINS - Contribuição para o Financiamento da Seguridade Social | K18: 0.03 | L18: %
A19: 07 | B19: PIS - Programa de Integração Social | D19: 0.0065 | E19: % | H19: 07 | I19: PIS - Programa de Integração Social | K19: 0.0065 | L19: %
A20: 08 | B20: ISS - Imposto Sobre Serviço de Qualquer Natureza | D20: 0.01 | E20: % | H20: 08 | I20: Contribuição previdenciária Sobre Receita Bruta | L20: %
A21: 09 | B21: Contribuição previdenciária Sobre Receita Bruta | E21: %
B22: SUBTOTAL: | D22: =SUM(D18:D21) -> 0.0465 | F22: =D22 -> 0.0465 | I22: SUBTOTAL: | K22: =SUM(K18:K21) -> 0.0365 | M22: =K22 -> 0.0365
A24: 10 | B24: Lucro | D24: 0.074 | E24: % | H24: 09 | I24: Lucro | K24: 0.0511 | L24: %
B25: SUBTOTAL - (L) | D25: =D24 -> 0.074 | F25: =D25 -> 0.074 | I25: SUBTOTAL - (L) | K25: =K24 -> 0.0511 | M25: =K25 -> 0.0511
F27: =ROUND((((1+F12)*(1+F15)*(1+F25)/(1-F22))-1),4) -> 0.2094 | M27: =ROUND((((1+M12)*(1+M15)*(1+M25)/(1-M22))-1),4) -> 0.1528
B35: ='CAPA LICITAÇÃO'!B20 -> Brasília-DF, xx de xxxxxxxx de 2026.
B38: ='CAPA LICITAÇÃO'!B27 -> __________________________________________________________
B39: ='CAPA LICITAÇÃO'!B28 -> RESPONSÁVEL TÉCNICO PELA ELABORAÇÃO DA PLANILHA (NOME COMPLETO)
B40: ='CAPA LICITAÇÃO'!B29 -> Responsável Técnico pela Elaboração da planilha e preços
B41: ='CAPA LICITAÇÃO'!B30 -> FORMAÇÃO E Nº DO REGISTRO EM CONSELHO
B42: ='CAPA LICITAÇÃO'!B31 -> NOME DA EMPRESA

Sheet CAPA ENC. SOCIAIS
B16: ENCARGOS SOCIAIS

Sheet ENCARGOS SOCIAIS
A1: ='CAPA LICITAÇÃO'!B4 -> Empresa licitante: PREENCHER SOMENTE AS CÉLULAS EM AMARELO.
A2: ='CAPA LICITAÇÃO'!B6 -> CNPJ:
A3: ='CAPA LICITAÇÃO'!B9 -> Objeto: Construção do 40º Grupamento Bombeiro Militar
A5: DECLARAÇÃO ENCARGOS SOCIAIS
A7: DISTRITO FEDERAL | C7: VIGÊNCIA: | D7: MÊS/ANO
A9: ENCARGOS SOCIAIS SOBRE A MÃO DE OBRA
A10: CÓDIGO | B10: DESCRIÇÃO | C10: HORISTA % | D10: MENSALISTA %
A11: GRUPO A
A12: A1 | B12: INSS
A13: A2 | B13: SESI
A14: A3 | B14: SENAI
A15: A4 | B15: INCRA
A16: A5 | B16: SEBRAE
A17: A6 | B17: SALÁRIO EDUCAÇÃO
A18: A7 | B18: SEGURO CONTRA ACIDENTES DE TRABALHO
A19: A8 | B19: FGTS
A20: A9 | B20: SECONCI
A21: A | B21: TOTAL | C21: =SUM(C12:C20) -> 0 | D21: =SUM(D12:D20) -> 0
A22: GRUPO B
A23: B1 | B23: REPOUSO SEMANAL REMUNERADO
A24: B2 | B24: FERIADOS
A25: B3 | B25: AUXÍLIO ENFERMIDADE
A26: B4 | B26: 13º SALÁRIO
A27: B5 | B27: LICENÇA PATERNIDADE
A28: B6 | B28: FALTAS JUSTIFICADAS
A29: B7 | B29: DIAS DE CHUVA
A30: B8 | B30: AUXÍLIO ACIDENTE DE TRABALHO
A31: B9 | B31: FÉRIAS GOZADAS
A32: B10 | B32: SALÁRIO MATERNIDADE
A33: B | B33: TOTAL | C33: =SUM(C23:C32) -> 0 | D33: =SUM(D23:D32) -> 0
A34: GRUPO C
A35: C1 | B35: AVISO PRÉVIO INDENIZADO
A36: C2 | B36: AVISO PRÉVIO TRABALHADO
A37: C3 | B37: FÉRIAS INDENIZADAS
A38: C4 | B38: DEPÓSITO RESCISÃO SEM JUSTA CAUSA
A39: C5 | B39: INDENIZAÇÃO ADICIONAL
A40: C | B40: TOTAL | C40: =SUM(C35:C39) -> 0 | D40: =SUM(D35:D39) -> 0
A41: GRUPO D
A42: C1 | B42: REINCIDÊNCIA DE GRUPO A SOBRE GRUPO B (SEM CONSIDERAR INSS SOBRE 13º, CONFORME LEI Nº 14.973/2024)
A43: C2 | B43: REINCIDÊNCIA DE GRUPO A SOBRE AVISO PRÉVIO TRABALHADO E REINCIDÊNCIA DO FGTS SOBRE AVISO PRÉVIO INDENIZADO
A44: D | B44: TOTAL | C44: =SUM(C42:C43) -> 0 | D44: =SUM(D42:D43) -> 0
A45: TOTAL GERAL (A + B +C +D) | C45: =C21+C33+C40+C44 -> 0 | D45: =D21+D33+D40+D44 -> 0
A47: _________________________________________________
A48: ='CAPA LICITAÇÃO'!B28 -> RESPONSÁVEL TÉCNICO PELA ELABORAÇÃO DA PLANILHA (NOME COMPLETO)
A49: ='CAPA LICITAÇÃO'!B29 -> Responsável Técnico pela Elaboração da planilha e preços
A50: ='CAPA LICITAÇÃO'!B30 -> FORMAÇÃO E Nº DO REGISTRO EM CONSELHO
A51: ='CAPA LICITAÇÃO'!B31 -> NOME DA EMPRESA

Sheet CAPA PLANILHA PROPOSTA
B15: PLANILHA PROPOSTA

Sheet PLANILHA CUSTEIO CONVÊNIO
A1: ='CAPA LICITAÇÃO'!B4 -> Empresa licitante: PREENCHER SOMENTE AS CÉLULAS EM AMARELO.
A2: ='CAPA LICITAÇÃO'!B6 -> CNPJ:
A3: ='CAPA LICITAÇÃO'!B9 -> Objeto: Construção do 40º Grupamento Bombeiro Militar
A4: BDI: | B4: =BDI!F27 -> 0.2094 | F4: ='CAPA LICITAÇÃO'!B20 -> Brasília-DF, xx de xxxxxxxx de 2026.
A5: BDI Diferenciado: | B5: =BDI!M27 -> 0.1528
A6: Desconto: | B6: 0
A8: Orçamento Sintético - ITENS CUSTEADOS PELO CONVÊNIO
A9: Item | B9: Código | C9: Banco | D9: Descrição | E9: Und | F9: Quant. | G9: Valor Unit Licitação | H9: Valor Unit Proposta | I9: Valor Unit com BDI Licitação | J9: Valor Unit com BDI Proposta | K9: Total Licitação | L9: Total Proposta | M9: Peso (%)
A10: 1 | D10: SERVIÇOS PRELIMINARES | F10: 1 | K10: =K11+K30 -> 210288.89 | L10: =L11+L30 -> 210288.89 | M10: =L10/$L$727 -> 0.063421071
A11: 1.1 | D11: CANTEIRO DE OBRAS | F11: 1 | K11: =K12+K14+K21+K24+K27 -> 201038.15 | L11: =L12+L14+L21+L24+L27 -> 201038.15 | M11: =L11/$L$727 -> 0.060631138
A12: 1.1.1 | D12: MOBILIZAÇÃO E DESMOBILIZAÇÃO | F12: 1 | K12: =SUM(K13) -> 9623.61 | L12: =SUM(L13) -> 9623.61 | M12: =L12/$L$727 -> 0.0029023866
A13: 1.1.1.1 | B13: COMP-1786 | C13: Próprio | D13: Copia da SBC (012689) - MOBILIZACAO E DESMOBILIZACAO DE CANTEIRO | E13: UN | F13: 1 | G13: 7957.34 | H13: =ROUND(J13/(1+$B$4),2) -> 7957.34 | I13: 9623.61 | J13: =TRUNC(L13/F13,4) -> 9623.61 | K13: =TRUNC(I13*F13,2) -> 9623.61 | L13: =ROUND((1-$B$6)*K13,2) -> 9623.61 | M13: =L13/$L$727 -> 0.0029023866
A14: 1.1.2 | D14: CONSTRUÇÕES PROVISÓRIAS | F14: 1 | K14: =SUM(K15:K20) -> 98584.91 | L14: =SUM(L15:L20) -> 98584.91 | M14: =L14/$L$727 -> 0.029732244
A15: 1.1.2.1 | B15: COMP-1742 | C15: Próprio | D15: LOCAÇÃO DE CONTAINER PARA SANITÁRIO E VESTIÁRIO - 2,30 X 4,30 M, ALT. 2,50 M, COM 3 BACIAS, 4 CHUVEIROS, 1 LAVATORIO E 1 MICTORIO | E15: MÊS | F15: 22 | G15: 1703.12 | H15: =ROUND(J15/(1+$B$4),2) -> 1703.12 | I15: 2059.75 | J15: =TRUNC(L15/F15,4) -> 2059.75 | K15: 45314.5 | L15: =ROUND((1-$B$6)*K15,2) -> 45314.5 | M15: =L15/$L$727 -> 0.01366641
A16: 1.1.2.2 | B16: COMP-1745 | C16: Próprio | D16: Copia da IOPES (020353) - Aluguel mensal container para refeitorio, incl. porta, 2 janelas, abert p/ ar cond., 2 pt iluminação, 2 tomadas elét. e 1 tomada telef. Isolamento térmico (paredes e teto), piso em comp. Naval pintado, cert. NR18, incl. laudo descontaminação. | E16: MÊS | F16: 11 | G16: 1206.17 | H16: =ROUND(J16/(1+$B$4),2) -> 1206.17 | I16: 1458.74 | J16: =TRUNC(L16/F16,4) -> 1458.74 | K16: 16046.14 | L16: =ROUND((1-$B$6)*K16,2) -> 16046.14 | M16: =L16/$L$727 -> 0.0048393588
A17: 1.1.2.3 | B17: COMP-1741 | C17: Próprio | D17: LOCAÇÃO DE CONTAINER PARA ALMOXARIFADO | E17: MÊS | F17: 11 | G17: 1171.87 | H17: =ROUND(J17/(1+$B$4),2) -> 1171.87 | I17: 1417.26 | J17: =TRUNC(L17/F17,4) -> 1417.26 | K17: 15589.86 | L17: =ROUND((1-$B$6)*K17,2) -> 15589.86 | M17: =L17/$L$727 -> 0.0047017492
A18: 1.1.2.4 | B18: COMP-1926 | C18: Próprio | D18: LOCAÇÃO DE CONTAINER PARA ESCRITÓRIO | E18: MÊS | F18: 11 | G18: 1171.87 | H18: =ROUND(J18/(1+$B$4),2) -> 1171.87 | I18: 1417.26 | J18: =TRUNC(L18/F18,4) -> 1417.26 | K18: 15589.86 | L18: =ROUND((1-$B$6)*K18,2) -> 15589.86 | M18: =L18/$L$727 -> 0.0047017492
A19: 1.1.2.5 | B19: 95240 | C19: SINAPI | D19: LASTRO DE CONCRETO MAGRO, APLICADO EM PISOS, LAJES SOBRE SOLO OU RADIERS, ESPESSURA DE 3 CM. AF_01/2024 | E19: m² | F19: 61.78 | G19: 24.2 | H19: =ROUND(J19/(1+$B$4),2) -> 24.2 | I19: 29.27 | J19: =TRUNC(L19/F19,4) -> 29.2699 | K19: 1808.3 | L19: =ROUND((1-$B$6)*K19,2) -> 1808.3 | M19: =L19/$L$727 -> 0.00054536558
A20: 1.1.2.6 | B20: COMP-2061 | C20: Próprio | D20: Cópia da SETOP (IIO-CON-005) - MOBILIZAÇÃO E DESMOBILIZAÇÃO DE CONTAINER, INCLUSIVE INSTALAÇÃO E TRANSPORTE COM CAMINHÃO GUINDAUTO (MUNCK) | E20: UN | F20: 5 | G20: 700.55 | H20: =ROUND(J20/(1+$B$4),2) -> 700.55 | I20: 847.25 | J20: =TRUNC(L20/F20,4) -> 847.25 | K20: 4236.25 | L20: =ROUND((1-$B$6)*K20,2) -> 4236.25 | M20: =L20/$L$727 -> 0.0012776115
A21: 1.1.3 | D21: LIGAÇÕES PROVISÓRIAS | F21: 1 | K21: =SUM(K22:K23) -> 6213.51 | L21: =SUM(L22:L23) -> 6213.51 | M21: =L21/$L$727 -> 0.0018739338
A22: 1.1.3.1 | B22: COMP-1276 | C22: Próprio | D22: Copia da SINAPI 01/2020 (41598) - ENTRADA PROVISORIA DE ENERGIA ELETRICA AEREA TRIFASICA 40A EM POSTE MADEIRA | E22: UN | F22: 1 | G22: 2915.04 | H22: =ROUND(J22/(1+$B$4),2) -> 2915.04 | I22: 3525.45 | J22: =TRUNC(L22/F22,4) -> 3525.45 | K22: 3525.45 | L22: =ROUND((1-$B$6)*K22,2) -> 3525.45 | M22: =L22/$L$727 -> 0.0010632412
A23: 1.1.3.2 | B23: COMP-1277 | C23: Próprio | D23: CÓPIA DE TCPO 13 (02510.8.1.1) - LIGAÇÃO PROVISÓRIA DE ÁGUA PARA OBRA E INSTALAÇÃO SANITÁRIA PROVISÓRIA , PEQUENAS OBRAS - INSTALAÇÃO MÍNIMA | E23: UN | F23: 1 | G23: 2222.64 | H23: =ROUND(J23/(1+$B$4),2) -> 2222.64 | I23: 2688.06 | J23: =TRUNC(L23/F23,4) -> 2688.06 | K23: 2688.06 | L23: =ROUND((1-$B$6)*K23,2) -> 2688.06 | M23: =L23/$L$727 -> 0.00081069259
A24: 1.1.4 | D24: PROTEÇÃO E SINALIZAÇÃO | F24: 1 | K24: =SUM(K25:K26) -> 52022.44 | L24: =SUM(L25:L26) -> 52022.44 | M24: =L24/$L$727 -> 0.015689459
A25: 1.1.4.1 | B25: 98459 | C25: SINAPI | D25: TAPUME COM TELHA METÁLICA. AF_03/2024 | E25: m² | F25: 429.24 | G25: 92.2 | H25: =ROUND(J25/(1+$B$4),2) -> 92.2 | I25: 111.51 | J25: =TRUNC(L25/F25,4) -> 111.5099 | K25: 47864.55 | L25: =ROUND((1-$B$6)*K25,2) -> 47864.55 | M25: =L25/$L$727 -> 0.01443548
A26: 1.1.4.2 | B26: 103689 | C26: SINAPI | D26: FORNECIMENTO E INSTALAÇÃO DE PLACA DE OBRA COM CHAPA GALVANIZADA E ESTRUTURA DE MADEIRA. AF_03/2022_PS | E26: m² | F26: 7.38 | G26: 465.85 | H26: =ROUND(J26/(1+$B$4),2) -> 465.85 | I26: 563.4 | J26: =TRUNC(L26/F26,4) -> 563.3997 | K26: 4157.89 | L26: =ROUND((1-$B$6)*K26,2) -> 4157.89 | M26: =L26/$L$727 -> 0.0012539789
A27: 1.1.5 | D27: CONSUMOS CANTEIRO DE OBRAS | F27: 1 | K27: =SUM(K28:K29) -> 34593.68 | L27: =SUM(L28:L29) -> 34593.68 | M27: =L27/$L$727 -> 0.010433115
A28: 1.1.5.1 | B28: COMP-1805 | C28: Próprio | D28: Copia da SBC (014015) - CONSUMO AGUA E ESGOTO OBRAS ATE 1.500m2 | E28: MES | F28: 11 | G28: 80.36 | H28: =ROUND(J28/(1+$B$4),2) -> 80.36 | I28: 97.19 | J28: =TRUNC(L28/F28,4) -> 97.19 | K28: 1069.09 | L28: =ROUND((1-$B$6)*K28,2) -> 1069.09 | M28: =L28/$L$727 -> 0.00032242708
A29: 1.1.5.2 | B29: COMP-1806 | C29: Próprio | D29: Copia da SBC (014300) - CONSUMO DE ENERGIA (LUZ E FORCA) EM SERVICOS DE OBRAS | E29: MES | F29: 11 | G29: 2520 | H29: =ROUND(J29/(1+$B$4),2) -> 2520 | I29: 3047.69 | J29: =TRUNC(L29/F29,4) -> 3047.69 | K29: 33524.59 | L29: =ROUND((1-$B$6)*K29,2) -> 33524.59 | M29: =L29/$L$727 -> 0.010110688
A30: 1.2 | D30: LOCAÇÃO DA OBRA | F30: 1 | K30: =SUM(K31) -> 9250.74 | L30: =SUM(L31) -> 9250.74 | M30: =L30/$L$727 -> 0.0027899326
A31: 1.2.1 | B31: 99059 | C31: SINAPI | D31: LOCAÇÃO CONVENCIONAL DE OBRA, UTILIZANDO GABARITO DE TÁBUAS CORRIDAS PONTALETADAS A CADA 2,00M - 2 UTILIZAÇÕES. AF_03/2024 | E31: M | F31: 111 | G31: 68.91 | H31: =ROUND(J31/(1+$B$4),2) -> 68.91 | I31: 83.34 | J31: =TRUNC(L31/F31,4) -> 83.34 | K31: 9250.74 | L31: =ROUND((1-$B$6)*K31,2) -> 9250.74 | M31: =L31/$L$727 -> 0.0027899326
A32: 2 | D32: MOVIMENTAÇÃO DE TERRA E PAVIMENTAÇÃO | F32: 1 | K32: =K33+K39 -> 360805.54 | L32: =L33+L39 -> 360805.54 | M32: =L32/$L$727 -> 0.10881542
A33: 2.1 | D33: MOVIMENTAÇÃO DE TERRA | F33: 1 | K33: =SUM(K34:K38) -> 11890.38 | L33: =SUM(L34:L38) -> 11890.38 | M33: =L33/$L$727 -> 0.0035860222
A34: 2.1.1 | B34: 98525 | C34: SINAPI | D34: LIMPEZA MECANIZADA DE CAMADA VEGETAL, VEGETAÇÃO E PEQUENAS ÁRVORES (DIÂMETRO DE TRONCO MENOR QUE 0,20 M), COM TRATOR DE ESTEIRAS. AF_03/2024 | E34: m² | F34: 2355.75 | G34: 0.67 | H34: =ROUND(J34/(1+$B$4),2) -> 0.67 | I34: 0.81 | J34: =TRUNC(L34/F34,4) -> 0.81 | K34: 1908.16 | L34: =ROUND((1-$B$6)*K34,2) -> 1908.16 | M34: =L34/$L$727 -> 0.00057548238
A35: 2.1.2 | B35: 98530 | C35: SINAPI | D35: CORTE RASO E RECORTE DE ÁRVORE COM DIÂMETRO DE TRONCO MAIOR OU IGUAL A 0,40 M E MENOR QUE 0,60 M. AF_03/2024 | E35: UN | F35: 11 | G35: 172.92 | H35: =ROUND(J35/(1+$B$4),2) -> 172.92 | I35: 209.13 | J35: =TRUNC(L35/F35,4) -> 209.13 | K35: 2300.43 | L35: =ROUND((1-$B$6)*K35,2) -> 2300.43 | M35: =L35/$L$727 -> 0.00069378717
A36: 2.1.3 | B36: 98527 | C36: SINAPI | D36: REMOÇÃO DE RAÍZES REMANESCENTES DE TRONCO DE ÁRVORE COM DIÂMETRO MAIOR OU IGUAL A 0,40 M E MENOR QUE 0,60 M. AF_03/2024 | E36: UN | F36: 11 | G36: 231.93 | H36: =ROUND(J36/(1+$B$4),2) -> 231.93 | I36: 280.5 | J36: =TRUNC(L36/F36,4) -> 280.5 | K36: 3085.5 | L36: =ROUND((1-$B$6)*K36,2) -> 3085.5 | M36: =L36/$L$727 -> 0.0009305566
A37: 2.1.4 | B37: 101116 | C37: SINAPI | D37: ESCAVAÇÃO HORIZONTAL EM SOLO DE 1A CATEGORIA COM TRATOR DE ESTEIRAS (170HP/LÂMINA: 5,20M3). AF_07/2020 | E37: m³ | F37: 371.65 | G37: 2.36 | H37: =ROUND(J37/(1+$B$4),2) -> 2.36 | I37: 2.85 | J37: =TRUNC(L37/F37,4) -> 2.8499 | K37: 1059.2 | L37: =ROUND((1-$B$6)*K37,2) -> 1059.2 | M37: =L37/$L$727 -> 0.00031944435
A38: 2.1.5 | B38: 96385 | C38: SINAPI | D38: EXECUÇÃO E COMPACTAÇÃO DE CORPO DE ATERRO DE ATERRO (95% DE ENERGIA DO PROCTOR NORMAL) COM SOLO PREDOMINANTEMENTE ARGILOSO ESPESSURA 15 CM - EXCLUSIVE MATERIAL, ESCAVAÇÃO, CARGA E TRANSPORTE. AF_09/2024 | E38: m³ | F38: 232.55 | G38: 12.58 | H38: =ROUND(J38/(1+$B$4),2) -> 12.58 | I38: 15.21 | J38: =TRUNC(L38/F38,4) -> 15.21 | K38: 3537.09 | L38: =ROUND((1-$B$6)*K38,2) -> 3537.09 | M38: =L38/$L$727 -> 0.0010667517
A39: 2.2 | D39: PAVIMENTAÇÃO | F39: 1 | K39: =K40+K44+K50+K54 -> 348915.16 | L39: =L40+L44+L50+L54 -> 348915.16 | M39: =L39/$L$727 -> 0.1052294
A40: 2.2.1 | D40: SUBLEITO | F40: 1 | K40: =SUM(K41:K43) -> 7945.68 | L40: =SUM(L41:L43) -> 7945.68 | M40: =L40/$L$727 -> 0.0023963393
A41: 2.2.1.1 | B41: 100576 | C41: SINAPI | D41: REGULARIZAÇÃO E COMPACTAÇÃO DE SUBLEITO DE SOLO PREDOMINANTEMENTE ARGILOSO, PARA OBRAS DE CONSTRUÇÃO DE PAVIMENTOS. AF_09/2024 | E41: m² | F41: 1386.68 | G41: 2.89 | H41: =ROUND(J41/(1+$B$4),2) -> 2.89 | I41: 3.5 | J41: =TRUNC(L41/F41,4) -> 3.5 | K41: 4853.38 | L41: =ROUND((1-$B$6)*K41,2) -> 4853.38 | M41: =L41/$L$727 -> 0.0014637319
A42: 2.2.1.2 | B42: COMP-2043 | C42: Próprio | D42: Copia da SINAPI (78472) - SERVICOS TOPOGRAFICOS PARA PAVIMENTACAO, INCLUSIVE NOTA DE SERVICOS, ACOMPANHAMENTO E GREIDE | E42: m² | F42: 1386.68 | G42: 0.4 | H42: =ROUND(J42/(1+$B$4),2) -> 0.4 | I42: 0.48 | J42: =TRUNC(L42/F42,4) -> 0.48 | K42: 665.61 | L42: =ROUND((1-$B$6)*K42,2) -> 665.61 | M42: =L42/$L$727 -> 0.00020074146
A43: 2.2.1.3 | B43: COMP-2044 | C43: Próprio | D43: Copia da SINAPI (74021/003) - ENSAIOS DE REGULARIZACAO DO SUBLEITO | E43: m² | F43: 1386.68 | G43: 1.45 | H43: =ROUND(J43/(1+$B$4),2) -> 1.45 | I43: 1.75 | J43: =TRUNC(L43/F43,4) -> 1.75 | K43: 2426.69 | L43: =ROUND((1-$B$6)*K43,2) -> 2426.69 | M43: =L43/$L$727 -> 0.00073186595
A44: 2.2.2 | D44: SUB-BASE | F44: 1 | K44: =SUM(K45:K49) -> 63595.38 | L44: =SUM(L45:L49) -> 63595.38 | M44: =L44/$L$727 -> 0.019179744
A45: 2.2.2.1 | B45: 100573 | C45: SINAPI | D45: CONSTRUÇÃO DE BASE E SUB-BASE PARA PAVIMENTAÇÃO DE SOLO (PREDOMINANTEMENTE ARGILOSO) BRITA - 50%-50%, MISTURA EM PISTA, COM ESPESSURA DE 15 CM - EXCLUSIVE ESCAVAÇÃO, CARGA E TRANSPORTE E SOLO. AF_09/2024 | E45: m³ | F45: 277.34 | G45: 176.41 | H45: =ROUND(J45/(1+$B$4),2) -> 176.41 | I45: 213.35 | J45: =TRUNC(L45/F45,4) -> 213.35 | K45: 59170.49 | L45: =ROUND((1-$B$6)*K45,2) -> 59170.49 | M45: =L45/$L$727 -> 0.017845241
A46: 2.2.2.2 | B46: COMP-1395 | C46: Próprio | D46: Copia da SINAPI (83356) - TRANSPORTE COMERCIAL DE BRITA | E46: M3XKM | F46: 877.71 | G46: 1.26 | H46: =ROUND(J46/(1+$B$4),2) -> 1.26 | I46: 1.52 | J46: =TRUNC(L46/F46,4) -> 1.52 | K46: 1334.12 | L46: =ROUND((1-$B$6)*K46,2) -> 1334.12 | M46: =L46/$L$727 -> 0.00040235753
A47: 2.2.2.3 | B47: 40GBM_007 | C47: Próprio | D47: FORNECIMENTO DE ARGILA PARA TERRAPLANAGEM - SEM TRANSPORTE | E47: m³ | F47: 37.38 | G47: 38.76 | H47: =ROUND(J47/(1+$B$4),2) -> 38.76 | I47: 46.88 | J47: =TRUNC(L47/F47,4) -> 46.8798 | K47: 1752.37 | L47: =ROUND((1-$B$6)*K47,2) -> 1752.37 | M47: =L47/$L$727 -> 0.00052849764
A48: 2.2.2.4 | B48: 95877 | C48: SINAPI | D48: TRANSPORTE COM CAMINHÃO BASCULANTE DE 18 M³, EM VIA URBANA PAVIMENTADA, DMT ATÉ 30 KM (UNIDADE: M3XKM). AF_07/2020 | E48: M3XKM | F48: 171.93 | G48: 1.9 | H48: =ROUND(J48/(1+$B$4),2) -> 1.9 | I48: 2.3 | J48: =TRUNC(L48/F48,4) -> 2.3 | K48: 395.44 | L48: =ROUND((1-$B$6)*K48,2) -> 395.44 | M48: =L48/$L$727 -> 0.00011926083
A49: 2.2.2.5 | B49: COMP-2045 | C49: Próprio | D49: Copia da SINAPI (74021/006) - ENSAIOS DE BASE ESTABILIZADA GRANULOMETRICAMENTE | E49: m³ | F49: 277.34 | G49: 2.81 | H49: =ROUND(J49/(1+$B$4),2) -> 2.81 | I49: 3.4 | J49: =TRUNC(L49/F49,4) -> 3.4 | K49: 942.96 | L49: =ROUND((1-$B$6)*K49,2) -> 942.96 | M49: =L49/$L$727 -> 0.00028438751
A50: 2.2.3 | D50: BASE | F50: 1 | K50: =SUM(K51:K53) -> 118510.71 | L50: =SUM(L51:L53) -> 118510.71 | M50: =L50/$L$727 -> 0.03574167
A51: 2.2.3.1 | B51: 96396 | C51: SINAPI | D51: CONSTRUÇÃO DE BASE E SUB-BASE PARA PAVIMENTAÇÃO DE BRITA GRADUADA SIMPLES, COM ESPESSURA DE 15 CM - EXCLUSIVE CARGA E TRANSPORTE. AF_09/2024 | E51: m³ | F51: 277.34 | G51: 344.73 | H51: =ROUND(J51/(1+$B$4),2) -> 344.73 | I51: 416.92 | J51: =TRUNC(L51/F51,4) -> 416.9199 | K51: 115628.59 | L51: =ROUND((1-$B$6)*K51,2) -> 115628.59 | M51: =L51/$L$727 -> 0.034872451
A52: 2.2.3.2 | B52: COMP-1395 | C52: Próprio | D52: Copia da SINAPI (83356) - TRANSPORTE COMERCIAL DE BRITA | E52: M3XKM | F52: 1275.76 | G52: 1.26 | H52: =ROUND(J52/(1+$B$4),2) -> 1.26 | I52: 1.52 | J52: =TRUNC(L52/F52,4) -> 1.52 | K52: 1939.16 | L52: =ROUND((1-$B$6)*K52,2) -> 1939.16 | M52: =L52/$L$727 -> 0.00058483168
A53: 2.2.3.3 | B53: COMP-2045 | C53: Próprio | D53: Copia da SINAPI (74021/006) - ENSAIOS DE BASE ESTABILIZADA GRANULOMETRICAMENTE | E53: m³ | F53: 277.34 | G53: 2.81 | H53: =ROUND(J53/(1+$B$4),2) -> 2.81 | I53: 3.4 | J53: =TRUNC(L53/F53,4) -> 3.4 | K53: 942.96 | L53: =ROUND((1-$B$6)*K53,2) -> 942.96 | M53: =L53/$L$727 -> 0.00028438751
A54: 2.2.4 | D54: REVESTIMENTO | F54: 1 | K54: =SUM(K55:K58) -> 158863.39 | L54: =SUM(L55:L58) -> 158863.39 | M54: =L54/$L$727 -> 0.047911644
A55: 2.2.4.1 | B55: 95995 | C55: SINAPI | D55: EXECUÇÃO DE PAVIMENTO COM APLICAÇÃO DE CONCRETO ASFÁLTICO, CAMADA DE ROLAMENTO - EXCLUSIVE CARGA E TRANSPORTE. AF_11/2019 | E55: m³ | F55: 69.33 | G55: 1636.34 | H55: =ROUND(J55/(1+$B$4),2) -> 1636.34 | I55: 1978.99 | J55: =TRUNC(L55/F55,4) -> 1978.99 | K55: 137203.38 | L55: =ROUND((1-$B$6)*K55,2) -> 137203.38 | M55: =L55/$L$727 -> 0.041379197
A56: 2.2.4.2 | B56: 102330 | C56: SINAPI | D56: TRANSPORTE COM CAMINHÃO TANQUE DE TRANSPORTE DE MATERIAL ASFÁLTICO DE 30000 L, EM VIA URBANA PAVIMENTADA, DMT ATÉ 30KM (UNIDADE: TXKM). AF_07/2020 | E56: TXKM | F56: 814.81 | G56: 1.46 | H56: =ROUND(J56/(1+$B$4),2) -> 1.46 | I56: 1.77 | J56: =TRUNC(L56/F56,4) -> 1.7699 | K56: 1442.21 | L56: =ROUND((1-$B$6)*K56,2) -> 1442.21 | M56: =L56/$L$727 -> 0.00043495642
A57: 2.2.4.3 | B57: 40GBM_012 | C57: Próprio | D57: Copia da SINAPI (102470) - EXECUÇÃO DE IMPRIMAÇÃO COM ASFALTO DILUÍDO CM-30, PARA OBRAS DE CONSTRUÇÃO DE PAVIMENTOS. AF_09/2024 | E57: m² | F57: 1386.68 | G57: 9.13 | H57: =ROUND(J57/(1+$B$4),2) -> 9.13 | I57: 11.04 | J57: =TRUNC(L57/F57,4) -> 11.04 | K57: 15308.95 | L57: =ROUND((1-$B$6)*K57,2) -> 15308.95 | M57: =L57/$L$727 -> 0.0046170295
A58: 2.2.4.4 | B58: 40GBM_013 | C58: Próprio | D58: Copia da SINAPI (104375) - EXECUÇÃO DE PINTURA DE LIGAÇÃO COM EMULSÃO ASFÁLTICA RR-2C, PARA OBRAS DE CONSTRUÇÃO DE PAVIMENTOS. AF_09/2024 | E58: m² | F58: 1386.68 | G58: 2.93 | H58: =ROUND(J58/(1+$B$4),2) -> 2.93 | I58: 3.54 | J58: =TRUNC(L58/F58,4) -> 3.54 | K58: 4908.85 | L58: =ROUND((1-$B$6)*K58,2) -> 4908.85 | M58: =L58/$L$727 -> 0.0014804611
A59: 3 | D59: DRENAGEM | F59: 1 | K59: =K60+K68+K74 -> 85611.22 | L59: =L60+L68+L74 -> 85611.22 | M59: =L59/$L$727 -> 0.025819506
A60: 3.1 | D60: REDE DE DRENAGEM | F60: 1 | K60: =SUM(K61:K67) -> 45810.7 | L60: =SUM(L61:L67) -> 45810.7 | M60: =L60/$L$727 -> 0.013816059
A61: 3.1.1 | B61: 99063 | C61: SINAPI | D61: LOCAÇÃO DE REDE DE ÁGUA OU ESGOTO. AF_03/2024 | E61: M | F61: 110.7 | G61: 10.14 | H61: =ROUND(J61/(1+$B$4),2) -> 10.14 | I61: 12.26 | J61: =TRUNC(L61/F61,4) -> 12.2599 | K61: 1357.18 | L61: =ROUND((1-$B$6)*K61,2) -> 1357.18 | M61: =L61/$L$727 -> 0.0004093122
A62: 3.1.2 | B62: 92210 | C62: SINAPI | D62: TUBO DE CONCRETO PARA REDES COLETORAS DE ÁGUAS PLUVIAIS, DIÂMETRO DE 400 MM, JUNTA RÍGIDA, INSTALADO EM LOCAL COM BAIXO NÍVEL DE INTERFERÊNCIAS - FORNECIMENTO E ASSENTAMENTO. AF_03/2024 | E62: M | F62: 28.8 | G62: 169.34 | H62: =ROUND(J62/(1+$B$4),2) -> 169.34 | I62: 204.8 | J62: =TRUNC(L62/F62,4) -> 204.8 | K62: 5898.24 | L62: =ROUND((1-$B$6)*K62,2) -> 5898.24 | M62: =L62/$L$727 -> 0.0017788515
A63: 3.1.3 | B63: 92212 | C63: SINAPI | D63: TUBO DE CONCRETO PARA REDES COLETORAS DE ÁGUAS PLUVIAIS, DIÂMETRO DE 600 MM, JUNTA RÍGIDA, INSTALADO EM LOCAL COM BAIXO NÍVEL DE INTERFERÊNCIAS - FORNECIMENTO E ASSENTAMENTO. AF_03/2024 | E63: M | F63: 81.9 | G63: 315.05 | H63: =ROUND(J63/(1+$B$4),2) -> 315.05 | I63: 381.02 | J63: =TRUNC(L63/F63,4) -> 381.02 | K63: 31205.54 | L63: =ROUND((1-$B$6)*K63,2) -> 31205.54 | M63: =L63/$L$727 -> 0.0094112854
A64: 3.1.4 | B64: 102279 | C64: SINAPI | D64: ESCAVAÇÃO MECANIZADA DE VALA COM PROF. ATÉ 1,5 M (MÉDIA MONTANTE E JUSANTE/UMA COMPOSIÇÃO POR TRECHO), ESCAVADEIRA (0,8 M3),LARG. MENOR QUE 1,5 M, EM SOLO DE 1A CATEGORIA, LOCAIS COM BAIXO NÍVEL DE INTERFERÊNCIA. AF_09/2024 | E64: m³ | F64: 46.58 | G64: 6.96 | H64: =ROUND(J64/(1+$B$4),2) -> 6.96 | I64: 8.42 | J64: =TRUNC(L64/F64,4) -> 8.4199 | K64: 392.2 | L64: =ROUND((1-$B$6)*K64,2) -> 392.2 | M64: =L64/$L$727 -> 0.00011828368
A65: 3.1.5 | B65: 90092 | C65: SINAPI | D65: ESCAVAÇÃO MECANIZADA DE VALA COM PROF. MAIOR QUE 1,5 M E ATÉ 3,0 M(MÉDIA MONTANTE E JUSANTE/UMA COMPOSIÇÃO POR TRECHO), ESCAVADEIRA (0,8 M3), LARG. MENOR QUE 1,5 M, EM SOLO DE 1A CATEGORIA, LOCAIS COM BAIXO NÍVEL DE INTERFERÊNCIA. AF_09/2024 | E65: m³ | F65: 274.22 | G65: 5.98 | H65: =ROUND(J65/(1+$B$4),2) -> 5.98 | I65: 7.23 | J65: =TRUNC(L65/F65,4) -> 7.2299 | K65: 1982.61 | L65: =ROUND((1-$B$6)*K65,2) -> 1982.61 | M65: =L65/$L$727 -> 0.00059793577
A66: 3.1.6 | B66: 101616 | C66: SINAPI | D66: PREPARO DE FUNDO DE VALA COM LARGURA MENOR QUE 1,5 M (ACERTO DO SOLO NATURAL). AF_08/2020 | E66: m² | F66: 104.94 | G66: 7.36 | H66: =ROUND(J66/(1+$B$4),2) -> 7.36 | I66: 8.9 | J66: =TRUNC(L66/F66,4) -> 8.9 | K66: 933.97 | L66: =ROUND((1-$B$6)*K66,2) -> 933.97 | M66: =L66/$L$727 -> 0.00028167621
A67: 3.1.7 | B67: 104734 | C67: SINAPI | D67: REATERRO MECANIZADO DE VALA COM RETROESCAVADEIRA (CAPACIDADE DA CAÇAMBA DA RETRO: 0,26 M³/POTÊNCIA: 88 HP), LARGURA DE 0,8 A 1,5 M, PROFUNDIDADE ATÉ 1,5 M, COM SOLO (SEM SUBSTITUIÇÃO) DE 1ª CATEGORIA, COM PLACA VIBRATÓRIA. AF_08/2023 | E67: m³ | F67: 230.78 | G67: 14.48 | H67: =ROUND(J67/(1+$B$4),2) -> 14.48 | I67: 17.51 | J67: =TRUNC(L67/F67,4) -> 17.51 | K67: 4040.96 | L67: =ROUND((1-$B$6)*K67,2) -> 4040.96 | M67: =L67/$L$727 -> 0.001218714
A68: 3.2 | D68: POÇOS DE VISITA E BOCAS DE LOBO | F68: 1 | K68: =SUM(K69:K73) -> 23714.75 | L68: =SUM(L69:L73) -> 23714.75 | M68: =L68/$L$727 -> 0.0071521365
A69: 3.2.1 | B69: 97935 | C69: SINAPI | D69: CAIXA PARA BOCA DE LOBO SIMPLES RETANGULAR, EM CONCRETO PRÉ-MOLDADO, DIMENSÕES INTERNAS: 0,6X1,0X1,2 M. AF_12/2020 | E69: UN | F69: 4 | G69: 963.73 | H69: =ROUND(J69/(1+$B$4),2) -> 963.73 | I69: 1165.54 | J69: =TRUNC(L69/F69,4) -> 1165.54 | K69: 4662.16 | L69: =ROUND((1-$B$6)*K69,2) -> 4662.16 | M69: =L69/$L$727 -> 0.0014060618
A70: 3.2.2 | B70: 102142 | C70: SINAPI | D70: BASE PARA POÇO DE VISITA CIRCULAR PARA DRENAGEM, EM CONCRETO PRÉ-MOLDADO, DIÂMETRO INTERNO = 1,50 M, PROFUNDIDADE = 1,35 M, EXCLUINDO TAMPÃO. AF_12/2020 | E70: UN | F70: 4 | G70: 2858.03 | H70: =ROUND(J70/(1+$B$4),2) -> 2858.03 | I70: 3456.5 | J70: =TRUNC(L70/F70,4) -> 3456.5 | K70: 13826 | L70: =ROUND((1-$B$6)*K70,2) -> 13826 | M70: =L70/$L$727 -> 0.0041697863
A71: 3.2.3 | B71: 99318 | C71: SINAPI | D71: CHAMINÉ CIRCULAR PARA POÇO DE VISITA PARA DRENAGEM, EM CONCRETO PRÉ-MOLDADO, DIÂMETRO INTERNO = 0,6 M. AF_12/2020 | E71: M | F71: 1.15 | G71: 311.86 | H71: =ROUND(J71/(1+$B$4),2) -> 311.85 | I71: 377.16 | J71: =TRUNC(L71/F71,4) -> 377.1565 | K71: 433.73 | L71: =ROUND((1-$B$6)*K71,2) -> 433.73 | M71: =L71/$L$727 -> 0.00013080872
A72: 3.2.4 | B72: 101801 | C72: SINAPI | D72: CAIXA COM GRELHA RETANGULAR DE FERRO FUNDIDO, EM ALVENARIA COM BLOCOS DE CONCRETO, DIMENSÕES INTERNAS: 0,30 X 1,00 X 1,00. AF_12/2020 | E72: UN | F72: 1 | G72: 1153.81 | H72: =ROUND(J72/(1+$B$4),2) -> 1153.81 | I72: 1395.42 | J72: =TRUNC(L72/F72,4) -> 1395.42 | K72: 1395.42 | L72: =ROUND((1-$B$6)*K72,2) -> 1395.42 | M72: =L72/$L$727 -> 0.00042084501
A73: 3.2.5 | B73: 40GBM_003 | C73: Próprio | D73: INSTALAÇÃO E FORNECIMENTO DE TAMPAO FOFO ARTICULADO, COM BASE / REQUADRO, CLASSE D400 CARGA MAX 40 T, REDONDO, TAMPA 600 MM (COM INSCRICAO EM RELEVO DO TIPO DE REDE) | E73: UN | F73: 4 | G73: 702.3 | H73: =ROUND(J73/(1+$B$4),2) -> 702.3 | I73: 849.36 | J73: =TRUNC(L73/F73,4) -> 849.36 | K73: 3397.44 | L73: =ROUND((1-$B$6)*K73,2) -> 3397.44 | M73: =L73/$L$727 -> 0.0010246347
A74: 3.3 | D74: DRENAGEM SUPERFICIAL | F74: 1 | K74: =K75+K79 -> 16085.77 | L74: =L75+L79 -> 16085.77 | M74: =L74/$L$727 -> 0.0048513108
A75: 3.3.1 | D75: ÁREA INTERNA | F75: 1 | K75: =SUM(K76:K78) -> 14242.99 | L75: =SUM(L76:L78) -> 14242.99 | M75: =L75/$L$727 -> 0.0042955464
A76: 3.3.1.1 | B76: 94273 | C76: SINAPI | D76: ASSENTAMENTO DE GUIA (MEIO-FIO) EM TRECHO RETO, CONFECCIONADA EM CONCRETO PRÉ-FABRICADO, DIMENSÕES 100X15X13X30 CM (COMPRIMENTO X BASE INFERIOR X BASE SUPERIOR X ALTURA). AF_01/2024 | E76: M | F76: 217.2 | G76: 50.02 | H76: =ROUND(J76/(1+$B$4),2) -> 50.02 | I76: 60.49 | J76: =TRUNC(L76/F76,4) -> 60.49 | K76: 13138.43 | L76: =ROUND((1-$B$6)*K76,2) -> 13138.43 | M76: =L76/$L$727 -> 0.0039624219
A77: 3.3.1.2 | B77: 94274 | C77: SINAPI | D77: ASSENTAMENTO DE GUIA (MEIO-FIO) EM TRECHO CURVO, CONFECCIONADA EM CONCRETO PRÉ-FABRICADO, DIMENSÕES 100X15X13X30 CM (COMPRIMENTO X BASE INFERIOR X BASE SUPERIOR X ALTURA). AF_01/2024 | E77: M | F77: 9 | G77: 53.27 | H77: =ROUND(J77/(1+$B$4),2) -> 53.27 | I77: 64.42 | J77: =TRUNC(L77/F77,4) -> 64.42 | K77: 579.78 | L77: =ROUND((1-$B$6)*K77,2) -> 579.78 | M77: =L77/$L$727 -> 0.00017485597
A78: 3.3.1.3 | B78: 102498 | C78: SINAPI | D78: PINTURA DE MEIO-FIO COM TINTA BRANCA A BASE DE CAL (CAIAÇÃO). AF_05/2021 | E78: M | F78: 226.2 | G78: 1.92 | H78: =ROUND(J78/(1+$B$4),2) -> 1.92 | I78: 2.32 | J78: =TRUNC(L78/F78,4) -> 2.3199 | K78: 524.78 | L78: =ROUND((1-$B$6)*K78,2) -> 524.78 | M78: =L78/$L$727 -> 0.00015826851
A79: 3.3.2 | D79: ÁREA EXTERNA | F79: 1 | K79: =SUM(K80:K82) -> 1842.78 | L79: =SUM(L80:L82) -> 1842.78 | M79: =L79/$L$727 -> 0.00055576441
A80: 3.3.2.1 | B80: 94274 | C80: SINAPI | D80: ASSENTAMENTO DE GUIA (MEIO-FIO) EM TRECHO CURVO, CONFECCIONADA EM CONCRETO PRÉ-FABRICADO, DIMENSÕES 100X15X13X30 CM (COMPRIMENTO X BASE INFERIOR X BASE SUPERIOR X ALTURA). AF_01/2024 | E80: M | F80: 23.35 | G80: 53.27 | H80: =ROUND(J80/(1+$B$4),2) -> 53.27 | I80: 64.42 | J80: =TRUNC(L80/F80,4) -> 64.4201 | K80: 1504.21 | L80: =ROUND((1-$B$6)*K80,2) -> 1504.21 | M80: =L80/$L$727 -> 0.00045365501
A81: 3.3.2.2 | B81: 102498 | C81: SINAPI | D81: PINTURA DE MEIO-FIO COM TINTA BRANCA A BASE DE CAL (CAIAÇÃO). AF_05/2021 | E81: M | F81: 23.35 | G81: 1.92 | H81: =ROUND(J81/(1+$B$4),2) -> 1.92 | I81: 2.32 | J81: =TRUNC(L81/F81,4) -> 2.3199 | K81: 54.17 | L81: =ROUND((1-$B$6)*K81,2) -> 54.17 | M81: =L81/$L$727 -> 1.6337142e-05
A82: 3.3.2.3 | B82: 104796 | C82: SINAPI | D82: DEMOLIÇÃO DE GUIAS, SARJETAS OU SARJETÕES, DE FORMA MECANIZADA, SEM REAPROVEITAMENTO. AF_09/2023 | E82: M | F82: 15 | G82: 15.68 | H82: =ROUND(J82/(1+$B$4),2) -> 15.68 | I82: 18.96 | J82: =TRUNC(L82/F82,4) -> 18.96 | K82: 284.4 | L82: =ROUND((1-$B$6)*K82,2) -> 284.4 | M82: =L82/$L$727 -> 8.5772256e-05
A83: 4 | D83: FUNDAÇÕES E ESTRUTURAS | F83: 1 | K83: =K84+K102+K157 -> 556276.85 | L83: =L84+L102+L157 -> 556276.85 | M83: =L83/$L$727 -> 0.16776765
A84: 4.1 | D84: FUNDAÇÃO | F84: 1 | K84: =K85+K92 -> 121898.21 | L84: =L85+L92 -> 121898.21 | M84: =L84/$L$727 -> 0.036763307
A85: 4.1.1 | D85: ESTACAS | F85: 1 | K85: =SUM(K86:K91) -> 80273.22 | L85: =SUM(L86:L91) -> 80273.22 | M85: =L85/$L$727 -> 0.024209617
A86: 4.1.1.1 | B86: COMP-1317 | C86: Próprio | D86: Copia da SINAPI (100897) - ESTACA ESCAVADA MECANICAMENTE, SEM FLUIDO ESTABILIZANTE, COM 40CM DE DIÂMETRO, CONCRETO 25 MPa LANÇADO POR CAMINHÃO BETONEIRA | E86: M | F86: 440 | G86: 104.36 | H86: =ROUND(J86/(1+$B$4),2) -> 104.36 | I86: 126.21 | J86: =TRUNC(L86/F86,4) -> 126.21 | K86: 55532.4 | L86: =ROUND((1-$B$6)*K86,2) -> 55532.4 | M86: =L86/$L$727 -> 0.016748028
A87: 4.1.1.2 | B87: COMP-1318 | C87: Próprio | D87: Copia da SINAPI (100896) - ESTACA ESCAVADA MECANICAMENTE, SEM FLUIDO ESTABILIZANTE, COM 30CM DE DIÂMETRO, CONCRETO 25 MPa LANÇADO POR CAMINHÃO BETONEIRA | E87: M | F87: 104 | G87: 64.04 | H87: =ROUND(J87/(1+$B$4),2) -> 64.04 | I87: 77.45 | J87: =TRUNC(L87/F87,4) -> 77.45 | K87: 8054.8 | L87: =ROUND((1-$B$6)*K87,2) -> 8054.8 | M87: =L87/$L$727 -> 0.0024292488
A88: 4.1.1.3 | B88: 95578 | C88: SINAPI | D88: MONTAGEM DE ARMADURA DE ESTACAS, DIÂMETRO = 12,5 MM. AF_09/2021_PS | E88: KG | F88: 976 | G88: 8.07 | H88: =ROUND(J88/(1+$B$4),2) -> 8.07 | I88: 9.76 | J88: =TRUNC(L88/F88,4) -> 9.76 | K88: 9525.76 | L88: =ROUND((1-$B$6)*K88,2) -> 9525.76 | M88: =L88/$L$727 -> 0.002872876
A89: 4.1.1.4 | B89: COMP-1319 | C89: Próprio | D89: Copia da SINAPI (95578) - MONTAGEM DE ARMADURA LONGITUDINAL/TRANSVERSAL DE ESTACAS DE SEÇÃO CIRCULAR, DIÂMETRO = 10 MM. AF_11/2016 | E89: KG | F89: 148.09 | G89: 10.68 | H89: =ROUND(J89/(1+$B$4),2) -> 10.68 | I89: 12.92 | J89: =TRUNC(L89/F89,4) -> 12.9199 | K89: 1913.32 | L89: =ROUND((1-$B$6)*K89,2) -> 1913.32 | M89: =L89/$L$727 -> 0.00057703859
A90: 4.1.1.5 | B90: 95601 | C90: SINAPI | D90: ARRASAMENTO MECANICO DE ESTACA DE CONCRETO ARMADO, DIAMETROS DE ATÉ 40 CM. AF_05/2021 | E90: UN | F90: 68 | G90: 19.52 | H90: =ROUND(J90/(1+$B$4),2) -> 19.52 | I90: 23.61 | J90: =TRUNC(L90/F90,4) -> 23.61 | K90: 1605.48 | L90: =ROUND((1-$B$6)*K90,2) -> 1605.48 | M90: =L90/$L$727 -> 0.00048419705
A91: 4.1.1.6 | B91: 95583 | C91: SINAPI | D91: MONTAGEM DE ARMADURA TRANSVERSAL DE ESTACAS DE SEÇÃO CIRCULAR, DIÂMETRO = 5,0 MM. AF_09/2021_PS | E91: KG | F91: 186.55 | G91: 16.14 | H91: =ROUND(J91/(1+$B$4),2) -> 16.14 | I91: 19.52 | J91: =TRUNC(L91/F91,4) -> 19.52 | K91: 3641.46 | L91: =ROUND((1-$B$6)*K91,2) -> 3641.46 | M91: =L91/$L$727 -> 0.0010982287
A92: 4.1.2 | D92: BLOCOS DE COROAMENTO | F92: 1 | K92: =SUM(K93:K101) -> 41624.99 | L92: =SUM(L93:L101) -> 41624.99 | M92: =L92/$L$727 -> 0.01255369
A93: 4.1.2.1 | B93: 96617 | C93: SINAPI | D93: LASTRO DE CONCRETO MAGRO, APLICADO EM BLOCOS DE COROAMENTO OU SAPATAS, ESPESSURA DE 3 CM. AF_01/2024 | E93: m² | F93: 32.49 | G93: 25.12 | H93: =ROUND(J93/(1+$B$4),2) -> 25.12 | I93: 30.38 | J93: =TRUNC(L93/F93,4) -> 30.3801 | K93: 987.05 | L93: =ROUND((1-$B$6)*K93,2) -> 987.05 | M93: =L93/$L$727 -> 0.00029768462
A94: 4.1.2.2 | B94: 96521 | C94: SINAPI | D94: ESCAVAÇÃO MECANIZADA PARA BLOCO DE COROAMENTO OU SAPATA COM RETROESCAVADEIRA (INCLUINDO ESCAVAÇÃO PARA COLOCAÇÃO DE FÔRMAS). AF_01/2024 | E94: m³ | F94: 55.18 | G94: 42.29 | H94: =ROUND(J94/(1+$B$4),2) -> 42.29 | I94: 51.15 | J94: =TRUNC(L94/F94,4) -> 51.15 | K94: 2822.46 | L94: =ROUND((1-$B$6)*K94,2) -> 2822.46 | M94: =L94/$L$727 -> 0.00085122631
A95: 4.1.2.3 | B95: 96534 | C95: SINAPI | D95: FABRICAÇÃO, MONTAGEM E DESMONTAGEM DE FÔRMA PARA BLOCO DE COROAMENTO, EM MADEIRA SERRADA, E=25 MM, 4 UTILIZAÇÕES. AF_01/2024 | E95: m² | F95: 94.32 | G95: 83.56 | H95: =ROUND(J95/(1+$B$4),2) -> 83.56 | I95: 101.06 | J95: =TRUNC(L95/F95,4) -> 101.06 | K95: 9531.98 | L95: =ROUND((1-$B$6)*K95,2) -> 9531.98 | M95: =L95/$L$727 -> 0.0028747519
A96: 4.1.2.4 | B96: COMP-1320 | C96: Próprio | D96: Copia da SINAPI (96557) - CONCRETAGEM DE BLOCOS DE COROAMENTO E VIGAS BALDRAMES, FCK 25 MPA, COM USO DE BOMBA - LANÇAMENTO, ADENSAMENTO E ACABAMENTO. AF_06/2017 | E96: m³ | F96: 21.42 | G96: 621.22 | H96: =ROUND(J96/(1+$B$4),2) -> 621.22 | I96: 751.3 | J96: =TRUNC(L96/F96,4) -> 751.3001 | K96: 16092.85 | L96: =ROUND((1-$B$6)*K96,2) -> 16092.85 | M96: =L96/$L$727 -> 0.0048534461
A97: 4.1.2.5 | B97: 96543 | C97: SINAPI | D97: ARMAÇÃO DE BLOCO UTILIZANDO AÇO CA-60 DE 5 MM - MONTAGEM. AF_01/2024 | E97: KG | F97: 63.27 | G97: 20.69 | H97: =ROUND(J97/(1+$B$4),2) -> 20.69 | I97: 25.02 | J97: =TRUNC(L97/F97,4) -> 25.02 | K97: 1583.02 | L97: =ROUND((1-$B$6)*K97,2) -> 1583.02 | M97: =L97/$L$727 -> 0.00047742334
A98: 4.1.2.6 | B98: 96544 | C98: SINAPI | D98: ARMAÇÃO DE BLOCO UTILIZANDO AÇO CA-50 DE 6,3 MM - MONTAGEM. AF_01/2024 | E98: KG | F98: 202.91 | G98: 18.08 | H98: =ROUND(J98/(1+$B$4),2) -> 18.08 | I98: 21.87 | J98: =TRUNC(L98/F98,4) -> 21.8699 | K98: 4437.64 | L98: =ROUND((1-$B$6)*K98,2) -> 4437.64 | M98: =L98/$L$727 -> 0.0013383488
A99: 4.1.2.7 | B99: 96545 | C99: SINAPI | D99: ARMAÇÃO DE BLOCO UTILIZANDO AÇO CA-50 DE 8 MM - MONTAGEM. AF_01/2024 | E99: KG | F99: 105.73 | G99: 15.87 | H99: =ROUND(J99/(1+$B$4),2) -> 15.87 | I99: 19.19 | J99: =TRUNC(L99/F99,4) -> 19.19 | K99: 2028.96 | L99: =ROUND((1-$B$6)*K99,2) -> 2028.96 | M99: =L99/$L$727 -> 0.00061191448
A100: 4.1.2.8 | B100: 96546 | C100: SINAPI | D100: ARMAÇÃO DE BLOCO UTILIZANDO AÇO CA-50 DE 10 MM - MONTAGEM. AF_01/2024 | E100: KG | F100: 98.18 | G100: 13.64 | H100: =ROUND(J100/(1+$B$4),2) -> 13.64 | I100: 16.5 | J100: =TRUNC(L100/F100,4) -> 16.5 | K100: 1619.97 | L100: =ROUND((1-$B$6)*K100,2) -> 1619.97 | M100: =L100/$L$727 -> 0.0004885671
A101: 4.1.2.9 | B101: 104920 | C101: SINAPI | D101: ARMAÇÃO DE BLOCO, SAPATA ISOLADA, VIGA BALDRAME E SAPATA CORRIDA UTILIZANDO AÇO CA-50 DE 12,5 MM - MONTAGEM. AF_01/2024 | E101: KG | F101: 203.64 | G101: 10.24 | H101: =ROUND(J101/(1+$B$4),2) -> 10.24 | I101: 12.38 | J101: =TRUNC(L101/F101,4) -> 12.3799 | K101: 2521.06 | L101: =ROUND((1-$B$6)*K101,2) -> 2521.06 | M101: =L101/$L$727 -> 0.00076032702
...

Sheet PLANILHA CUSTEIO CBMDF
A1: ='CAPA LICITAÇÃO'!B4 -> Empresa licitante: PREENCHER SOMENTE AS CÉLULAS EM AMARELO.
A2: ='CAPA LICITAÇÃO'!B6 -> CNPJ:
A3: ='CAPA LICITAÇÃO'!B9 -> Objeto: Construção do 40º Grupamento Bombeiro Militar
A4: BDI: | B4: =BDI!F27 -> 0.2094 | F4: ='CAPA LICITAÇÃO'!B20 -> Brasília-DF, xx de xxxxxxxx de 2026.
A5: BDI Diferenciado: | B5: =BDI!M27 -> 0.1528
A6: Desconto: | B6: ='PLANILHA CUSTEIO CONVÊNIO'!B6 -> 0
A8: Orçamento Sintético - ITENS CUSTEADOS PELO CBMDF
A9: Item | B9: Código | C9: Banco | D9: Descrição | E9: Und | F9: Quant. | G9: Valor Unit Licitação | H9: Valor Unit Proposta | I9: Valor Unit com BDI Licitação | J9: Valor Unit com BDI Proposta | K9: Total Licitação | L9: Total Proposta | M9: Peso (%)
A10: 1 | D10: ARQUITETURA | K10: =SUM(K11) -> 1198.03 | L10: =SUM(L11) -> 1198.03 | M10: =L10/$L$41 -> 0.015255728
A11: 1.1 | B11: COMP-1659 | C11: Próprio | D11: BASES PARA BICICLETÁRIO PADRÃO CBMDF, EM CONCRETO ARMADO, CONFORME PROJETO PADRÃO CBMDF, fck 20 MPa, ASSENTADO SOBRE LASTRO DE BRITA DE 3 cm | E11: UN | F11: 1 | G11: 990.6 | H11: =ROUND(J11/(1+$B$4),2) -> 990.6 | I11: 1198.03 | J11: =TRUNC(L11/F11,4) -> 1198.03 | K11: 1198.03 | L11: =ROUND((1-$B$6)*K11,2) -> 1198.03 | M11: =L11/$L$41 -> 0.015255728
A12: 2 | D12: RACK E ACESSÓRIOS | K12: =SUM(K13) -> 1121.24 | L12: =SUM(L13) -> 1121.24 | M12: =L12/$L$41 -> 0.014277883
A13: 2.1 | B13: COMP-1360 | C13: Próprio | D13: Copia da ORSE (8493) - FORNECIMENTO E INSTALAÇÃO DE RACK DE PISO 19" x 16u x 570mm (GABINETE), INCLUSIVE ACESSÓRIOS | E13: un | F13: 1 | G13: 927.11 | H13: =ROUND(J13/(1+$B$4),2) -> 927.1 | I13: 1121.24 | J13: =TRUNC(L13/F13,4) -> 1121.24 | K13: 1121.24 | L13: =ROUND((1-$B$6)*K13,2) -> 1121.24 | M13: =L13/$L$41 -> 0.014277883
A14: 3 | D14: CENTRAL GLP | K14: =SUM(K15) -> 418.39 | L14: =SUM(L15) -> 418.39 | M14: =L14/$L$41 -> 0.005327783
A15: 3.1 | B15: COMP-1798 | C15: Próprio | D15: Copia da SIURB (100785) - BOTIJÃO DE GÁS DE 13KG COM CARGA | E15: UN | F15: 1 | G15: 345.95 | H15: =ROUND(J15/(1+$B$4),2) -> 345.95 | I15: 418.39 | J15: =TRUNC(L15/F15,4) -> 418.39 | K15: 418.39 | L15: =ROUND((1-$B$6)*K15,2) -> 418.39 | M15: =L15/$L$41 -> 0.005327783
A16: 4 | D16: SERVIÇOS COMPLEMENTARES | K16: =SUM(K17) -> 385.38 | L16: =SUM(L17) -> 385.38 | M16: =L16/$L$41 -> 0.0049074333
A17: 4.1 | B17: COMP-1280 | C17: Próprio | D17: Copia de ORSE Janeiro/2021 (10832) - AS BUILT DE TODOS OS PROJETOS | E17: m² | F17: 575.2 | G17: 0.56 | H17: =ROUND(J17/(1+$B$4),2) -> 0.55 | I17: 0.67 | J17: =TRUNC(L17/F17,4) -> 0.6699 | K17: 385.38 | L17: =ROUND((1-$B$6)*K17,2) -> 385.38 | M17: =L17/$L$41 -> 0.0049074333
A18: 5 | D18: CABEAMENTO E CFTV | K18: =SUM(K19:K25) -> 27799 | L18: =SUM(L19:L25) -> 27799 | M18: =L18/$L$41 -> 0.35399278
A19: 5.1 | B19: COMP-1799 | C19: Próprio | D19: Copia da CPOS (66.20.225) - Switch Gigabit 24 portas com capacidade de 10/100/1000/Mbps | E19: UN | F19: 1 | G19: 2077.49 | H19: =ROUND(J19/(1+$B$4),2) -> 2077.48 | I19: 2512.51 | J19: =TRUNC(L19/F19,4) -> 2512.51 | K19: 2512.51 | L19: =ROUND((1-$B$6)*K19,2) -> 2512.51 | M19: =L19/$L$41 -> 0.031994331
A20: 5.2 | B20: COMP-1800 | C20: Próprio | D20: Copia da ORSE (7867) - Switch 24 portas 10/100 Mbps - fornecimento | E20: un | F20: 1 | G20: 520 | H20: =ROUND(J20/(1+$B$4),2) -> 519.99 | I20: 628.88 | J20: =TRUNC(L20/F20,4) -> 628.88 | K20: 628.88 | L20: =ROUND((1-$B$6)*K20,2) -> 628.88 | M20: =L20/$L$41 -> 0.008008165
A21: 5.3 | B21: COMP-1801 | C21: Próprio | D21: Copia da SBC (068399) - CAMERA BULLET INFRAVERMELHO MULTI HD 4 EM 1 VHD 11 | E21: UN | F21: 5 | G21: 447.84 | H21: =ROUND(J21/(1+$B$4),2) -> 447.83 | I21: 541.61 | J21: =TRUNC(L21/F21,4) -> 541.61 | K21: 2708.05 | L21: =ROUND((1-$B$6)*K21,2) -> 2708.05 | M21: =L21/$L$41 -> 0.034484339
A22: 5.4 | B22: COMP-1802 | C22: Próprio | D22: Copia da SBC (068414) - NVR 16 CANAIS FULL HD 1080P 2MP | E22: UN | F22: 1 | G22: 1533.9 | H22: =ROUND(J22/(1+$B$4),2) -> 1533.89 | I22: 1855.09 | J22: =TRUNC(L22/F22,4) -> 1855.09 | K22: 1855.09 | L22: =ROUND((1-$B$6)*K22,2) -> 1855.09 | M22: =L22/$L$41 -> 0.023622737
A23: 5.5 | B23: COMP-1536 | C23: Próprio | D23: FORNECIMENTO DE COMPUTADOR DESKTOP COMPLETO COM MONITOR 19,5" HDMI, WI-FI, INTEL CORE i5, 8GB MEMÓRIA RAM, HD 1 TB, 6 CONEXÓES USB, DUPLA SAÍDA DE VÍDEO (HDMI FULL HD E VGA), COM TECLADO E MOUSE ÓPTICO, GARANTIA 12 MESES | E23: UN | F23: 1 | G23: 2289.4 | H23: =ROUND(J23/(1+$B$4),2) -> 2289.4 | I23: 2768.8 | J23: =TRUNC(L23/F23,4) -> 2768.8 | K23: 2768.8 | L23: =ROUND((1-$B$6)*K23,2) -> 2768.8 | M23: =L23/$L$41 -> 0.035257931
A24: 5.6 | B24: COMP-1537 | C24: Próprio | D24: FORNECIMENTO DE HD SATA 8GB | E24: UN | F24: 1 | G24: 1399.96 | H24: =ROUND(J24/(1+$B$4),2) -> 1399.96 | I24: 1693.11 | J24: =TRUNC(L24/F24,4) -> 1693.11 | K24: 1693.11 | L24: =ROUND((1-$B$6)*K24,2) -> 1693.11 | M24: =L24/$L$41 -> 0.021560082
A25: 5.7 | B25: COMP-1539 | C25: Próprio | D25: Copia da CPOS (69.05.170) - NOBREAK TRIFÁSICO, ONLINE, DUPLA CONVERSÃO, E/S 230V, 8 kVA, MODELO SURT8000XLI Nobreak APC 8KVA Smart-UPS RT OU EQUIVALENTE TÉCNICO - FORNECIMENTO E INSTALAÇÃO | E25: un | F25: 1 | G25: 13560.52 | H25: =ROUND(J25/(1+$B$4),2) -> 12925.88 | I25: 15632.56 | J25: =TRUNC(L25/F25,4) -> 15632.56 | K25: 15632.56 | L25: =ROUND((1-$B$6)*K25,2) -> 15632.56 | M25: =L25/$L$41 -> 0.1990652
A26: 6 | D26: SONORIZAÇÃO | K26: =SUM(K27:K34) -> 22316.65 | L26: =SUM(L27:L34) -> 22316.65 | M26: =L26/$L$41 -> 0.28418047
A27: 6.1 | B27: COMP-1497 | C27: Próprio | D27: Copia da SBC (068171) - SONOFLETOR ACUSICO TIPO ARANDELA, 6", 25 W - FORNECIMENTO E INSTALAÇÃO | E27: UN | F27: 33 | G27: 227.7 | H27: =ROUND(J27/(1+$B$4),2) -> 217.04 | I27: 262.49 | J27: =TRUNC(L27/F27,4) -> 262.49 | K27: 8662.17 | L27: =ROUND((1-$B$6)*K27,2) -> 8662.17 | M27: =L27/$L$41 -> 0.11030417
A28: 6.2 | B28: COMP-1498 | C28: Próprio | D28: Copia da SBC (068171) - TRAFO DE LINHA 70V 25W- T25 - FORNECIMENTO E INSTALAÇÃO | E28: UN | F28: 33 | G28: 170.81 | H28: =ROUND(J28/(1+$B$4),2) -> 162.81 | I28: 196.9 | J28: =TRUNC(L28/F28,4) -> 196.9 | K28: 6497.7 | L28: =ROUND((1-$B$6)*K28,2) -> 6497.7 | M28: =L28/$L$41 -> 0.082741785
A29: 6.3 | B29: COMP-1499 | C29: Próprio | D29: Copia da SBC (068171) - SONOFLETOR DE SOBREPOR TIPO CAIXA DE SOM 50W - 02 UNIDADES (PAR) - FORNECIMENTO E INSTALAÇÃO | E29: UN | F29: 1 | G29: 387.7 | H29: =ROUND(J29/(1+$B$4),2) -> 387.7 | I29: 468.88 | J29: =TRUNC(L29/F29,4) -> 468.88 | K29: 468.88 | L29: =ROUND((1-$B$6)*K29,2) -> 468.88 | M29: =L29/$L$41 -> 0.0059707232
A30: 6.4 | B30: COMP-1500 | C30: Próprio | D30: Copia da SBC (068171) - TRAFO DE LINHA 70V 50W- T50 - FORNECIMENTO E INSTALAÇÃO | E30: UN | F30: 2 | G30: 247.78 | H30: =ROUND(J30/(1+$B$4),2) -> 247.78 | I30: 299.66 | J30: =TRUNC(L30/F30,4) -> 299.66 | K30: 599.32 | L30: =ROUND((1-$B$6)*K30,2) -> 599.32 | M30: =L30/$L$41 -> 0.0076317477
A31: 6.5 | B31: COMP-1501 | C31: Próprio | D31: Copia da SBC (068171) - TRAFO TRONCO 600W 210V - FORNECIMENTO E INSTALAÇÃO | E31: UN | F31: 1 | G31: 349.97 | H31: =ROUND(J31/(1+$B$4),2) -> 349.97 | I31: 423.25 | J31: =TRUNC(L31/F31,4) -> 423.25 | K31: 423.25 | L31: =ROUND((1-$B$6)*K31,2) -> 423.25 | M31: =L31/$L$41 -> 0.0053896703
A32: 6.6 | B32: COMP-1503 | C32: Próprio | D32: Copia da SBC (068310) - Amplificador Potência RMS: 600W - 2 x 300W (16 Ohms OU 70v), Entrada: 2 canais independentes, permite alternar o áudio de cada canal através de chave seletora MIC, stereo ( R Ou L) aux 2, aux 1 /usb, Canal 1: APP, BT, USB, SD Card e FM, Auxiliar – iPhone, iPod, CD, DVD e TV. Estéreo input l/2 entrada para microfone (P10 e XLR) com gongo e volume inteligente ( com opção habilitado/ desabilitado), Canal 2: Microfone (com função volume inteligente e gongo), Saída: Line Out 1 e Line Out 2, Equalizador: 2 vias (graves e agudos), Alimentação: BIVOLT Automático (com fonte chaveada 90-240V) - Frahm GR 5000 APP OU EQUIVALENTE | E32: UN | F32: 1 | G32: 2277.3 | H32: =ROUND(J32/(1+$B$4),2) -> 2277.29 | I32: 2754.16 | J32: =TRUNC(L32/F32,4) -> 2754.16 | K32: 2754.16 | L32: =ROUND((1-$B$6)*K32,2) -> 2754.16 | M32: =L32/$L$41 -> 0.035071505
A33: 6.7 | B33: COMP-1504 | C33: Próprio | D33: Copia da SBC (068310) - AMPLIFICADOR DE POTÊNCIA BIVOLT, 600 W RMS (x2) + 300 W RMS, Canal Entrada P10 Input 1 e Input 2, Canal Saída Line Out 1 E Line Out 2, Classe do Amplificador D, Equalizador Grave e Agudo (2 Vias) - Frahm GR 5000 LA OU EQUIVALENTE - FORNECIMENTO E INSTALAÇÃO | E33: UN | F33: 1 | G33: 2062.75 | H33: =ROUND(J33/(1+$B$4),2) -> 2062.74 | I33: 2494.68 | J33: =TRUNC(L33/F33,4) -> 2494.68 | K33: 2494.68 | L33: =ROUND((1-$B$6)*K33,2) -> 2494.68 | M33: =L33/$L$41 -> 0.031767283
A34: 6.8 | B34: COMP-1507 | C34: Próprio | D34: Copia da SBC (068091) - MICROFONE DE BANCADA, IMPEDÂNCIA DE SAÍDA 2.000 OHMS, RESPOSTA DE FREQUÊNCIA 40 Hz A 16 kHz, SENSIBILIDADE DE -42dB, ±2dB, DISTÂNCIA RECEPTORA SONORA 20 A 80 cm, HASTE FLEXÍVEL (40 cm), BOTÃO MUTE, CONECTOR P10 MONO, CABO DE 8m - YOGA HT 82 OU SIMILAR - FORNECIMENTO E INSTALAÇÃO | E34: UN | F34: 1 | G34: 344.38 | H34: =ROUND(J34/(1+$B$4),2) -> 344.38 | I34: 416.49 | J34: =TRUNC(L34/F34,4) -> 416.49 | K34: 416.49 | L34: =ROUND((1-$B$6)*K34,2) -> 416.49 | M34: =L34/$L$41 -> 0.0053035884
A35: 7 | D35: AR-CONDICIONADO | K35: =SUM(K36:K38) -> 25291.16 | L35: =SUM(L36:L38) -> 25291.16 | M35: =L35/$L$41 -> 0.32205792
A36: 7.1 | B36: COMP-2063 | C36: Próprio | D36: Copia da SBC (070355) - FORNECIMENTO DE AR-CONDICIONADO SPLIT HI-WALL INVERTER, SELO PROCEL A, CAPACIDADE 9000 BTU/H | E36: UN | F36: 2 | G36: 2589.26 | H36: =ROUND(J36/(1+$B$4),2) -> 2468.08 | I36: 2984.89 | J36: =TRUNC(L36/F36,4) -> 2984.89 | K36: 5969.78 | L36: =ROUND((1-$B$6)*K36,2) -> 5969.78 | M36: =L36/$L$41 -> 0.076019246
A37: 7.2 | B37: COMP-2064 | C37: Próprio | D37: Copia da SBC (070444) - FORNECIMENTO DE AR-CONDICIONADO SPLIT HI-WALL INVERTER, SELO PROCEL A, CAPACIDADE 12000 BTU/HR | E37: UN | F37: 5 | G37: 2443.33 | H37: =ROUND(J37/(1+$B$4),2) -> 2328.98 | I37: 2816.67 | J37: =TRUNC(L37/F37,4) -> 2816.67 | K37: 14083.35 | L37: =ROUND((1-$B$6)*K37,2) -> 14083.35 | M37: =L37/$L$41 -> 0.17933754
A38: 7.3 | B38: COMP-2065 | C38: Próprio | D38: Copia da SBC (070444) - FORNECIMENTO DE AR-CONDICIONADO SPLIT HI-WALL INVERTER, SELO PROCEL A, CAPACIDADE 30000 BTU/HR | E38: UN | F38: 1 | G38: 4543.75 | H38: =ROUND(J38/(1+$B$4),2) -> 4331.1 | I38: 5238.03 | J38: =TRUNC(L38/F38,4) -> 5238.03 | K38: 5238.03 | L38: =ROUND((1-$B$6)*K38,2) -> 5238.03 | M38: =L38/$L$41 -> 0.066701133
K40: Licitação | L40: Proposta
J41: Total Custeio CBMDF | K41: =K35+K26+K18+K16+K14+K12+K10 -> 78529.85 | L41: =L35+L26+L18+L16+L14+L12+L10 -> 78529.85

Sheet OBSOLETO - MEM. CALCULO
B1: Obra
B2: 40º GRUPAMENTO BOMBEIRO MILITAR
A3: Memória de Cálculo
A4: Item | B4: Descrição | C4: Und | D4: Quant. | E4: Memória de Cálculo
A5: 1 | B5: SERVIÇOS PRELIMINARES
A6: 1.1 | B6: CANTEIRO DE OBRAS
A7: 1.1.1 | B7: MOBILIZAÇÃO E DESMOBILIZAÇÃO
A8: 1.1.1.1 | B8: Copia da SBC (012689) - MOBILIZACAO E DESMOBILIZACAO DE CANTEIRO | C8: UN | D8: 1 | E8: = Uma mobilização e desmobilização da obra.
A9: 1.1.2 | B9: CONSTRUÇÕES PROVISÓRIAS
A10: 1.1.2.1 | B10: LOCAÇÃO DE CONTAINER PARA SANITÁRIO E VESTIÁRIO - 2,30 X 4,30 M, ALT. 2,50 M, COM 3 BACIAS, 4 CHUVEIROS, 1 LAVATORIO E 1 MICTORIO | C10: MÊS | D10: 22 | E10: = 1 Container masc x 11 meses 1 Container Fem x 11 meses Total: 22 meses de container para sanitário/vestiário
A11: 1.1.2.2 | B11: Copia da IOPES (020353) - Aluguel mensal container para refeitorio, incl. porta, 2 janelas, abert p/ ar cond., 2 pt iluminação, 2 tomadas elét. e 1 tomada telef. Isolamento térmico (paredes e teto), piso em comp. Naval pintado, cert. NR18, incl. laudo descontaminação. | C11: MÊS | D11: 11 | E11: = 1 Container refeitório x 11 meses
A12: 1.1.2.3 | B12: LOCAÇÃO DE CONTAINER PARA ALMOXARIFADO | C12: MÊS | D12: 11 | E12: = 1 Container almoxarifado x 11 meses
A13: 1.1.2.4 | B13: LOCAÇÃO DE CONTAINER PARA ESCRITÓRIO | C13: MÊS | D13: 11 | E13: = 1 Container escritório x 11 meses
A14: 1.1.2.5 | B14: LASTRO DE CONCRETO MAGRO, APLICADO EM PISOS, LAJES SOBRE SOLO OU RADIERS, ESPESSURA DE 3 CM. AF_01/2024 | C14: m² | D14: 61.78 | E14: = Lastro de Concreto magro: CONTAINER ALMOXARIFADO: 2,3x6,0=13,8m² CONTAINER SANITARIO MASC: 2,3x4,3=9,89m² CONTAINER SANITARIO FEM: 2,3x4,3=9,89m² CONTAINER ESCRITORIO: 2,3x6,0=13,8m² CONTAINER REFEITORIO: 2,4x6,0=14,4m² TOTAL: 61,78m²
A15: 1.1.2.6 | B15: Cópia da SETOP (IIO-CON-005) - MOBILIZAÇÃO E DESMOBILIZAÇÃO DE CONTAINER, INCLUSIVE INSTALAÇÃO E TRANSPORTE COM CAMINHÃO GUINDAUTO (MUNCK) | C15: UN | D15: 5 | E15: = CONTAINER ALMOXARIFADO: 1 und CONTAINER SANITARIO MASC: 1 und CONTAINER SANITARIO FEM: 1 und CONTAINER ESCRITORIO: 1 und CONTAINER REFEITORIO: 1 und TOTAL: 5 und
A16: 1.1.3 | B16: LIGAÇÕES PROVISÓRIAS
A17: 1.1.3.1 | B17: Copia da SINAPI 01/2020 (41598) - ENTRADA PROVISORIA DE ENERGIA ELETRICA AEREA TRIFASICA 40A EM POSTE MADEIRA | C17: UN | D17: 1 | E17: = 1 unidade para o projeto.
A18: 1.1.3.2 | B18: CÓPIA DE TCPO 13 (02510.8.1.1) - LIGAÇÃO PROVISÓRIA DE ÁGUA PARA OBRA E INSTALAÇÃO SANITÁRIA PROVISÓRIA , PEQUENAS OBRAS - INSTALAÇÃO MÍNIMA | C18: UN | D18: 1 | E18: = 1 unidade para o projeto.
A19: 1.1.4 | B19: PROTEÇÃO E SINALIZAÇÃO
A20: 1.1.4.1 | B20: TAPUME COM TELHA METÁLICA. AF_03/2024 | C20: m² | D20: 429.24 | E20: = 241,62 m (comprimento: frente, lateral direita e fundo) x 2,00m (altura) = 429,24 m².
A21: 1.1.4.2 | B21: FORNECIMENTO E INSTALAÇÃO DE PLACA DE OBRA COM CHAPA GALVANIZADA E ESTRUTURA DE MADEIRA. AF_03/2022_PS | C21: m² | D21: 7.38 | E21: = Uma placa padrão CAIXA, conforme Manual Visual de Placas e Adesivos de Obras, disponível em: https://www.caixa.gov.br/Downloads/gestao-urbana-manual-visual-placas-adesivos-obras/Manual_PlacadeObras_rediagramado_A4_20220428.pdf - e uma placa padrão CREA. Cálculo: 1 placas CAIXA dimensões 3m x 1,5m + 1 placa padrão CREA dimensões 2,88m² = 7,38 m²
A22: 1.1.5 | B22: CONSUMOS CANTEIRO DE OBRAS
A23: 1.1.5.1 | B23: Copia da SBC (014015) - CONSUMO AGUA E ESGOTO OBRAS ATE 1.500m2 | C23: MES | D23: 11 | E23: = Consumo mensal.
A24: 1.1.5.2 | B24: Copia da SBC (014300) - CONSUMO DE ENERGIA (LUZ E FORCA) EM SERVICOS DE OBRAS | C24: MES | D24: 11 | E24: = Consumo mensal.
A25: 1.2 | B25: LOCAÇÃO DA OBRA
A26: 1.2.1 | B26: LOCAÇÃO CONVENCIONAL DE OBRA, UTILIZANDO GABARITO DE TÁBUAS CORRIDAS PONTALETADAS A CADA 2,00M - 2 UTILIZAÇÕES. AF_03/2024 | C26: M | D26: 111 | E26: = Gabarito retangular: 38,5m x 2 + 17m x 2= 111m.
A27: 2 | B27: MOVIMENTAÇÃO DE TERRA E PAVIMENTAÇÃO
A28: 2.1 | B28: MOVIMENTAÇÃO DE TERRA
A29: 2.1.1 | B29: LIMPEZA MECANIZADA DE CAMADA VEGETAL, VEGETAÇÃO E PEQUENAS ÁRVORES (DIÂMETRO DE TRONCO MENOR QUE 0,20 M), COM TRATOR DE ESTEIRAS. AF_03/2024 | C29: m² | D29: 2355.75 | E29: = Área do terreno.
A30: 2.1.2 | B30: CORTE RASO E RECORTE DE ÁRVORE COM DIÂMETRO DE TRONCO MAIOR OU IGUAL A 0,40 M E MENOR QUE 0,60 M. AF_03/2024 | C30: UN | D30: 11 | E30: = Método de levantamento: inspeção visual e contagem.
A31: 2.1.3 | B31: REMOÇÃO DE RAÍZES REMANESCENTES DE TRONCO DE ÁRVORE COM DIÂMETRO MAIOR OU IGUAL A 0,40 M E MENOR QUE 0,60 M. AF_03/2024 | C31: UN | D31: 11 | E31: = Método de levantamento: inspeção visual e contagem.
A32: 2.1.4 | B32: ESCAVAÇÃO HORIZONTAL EM SOLO DE 1A CATEGORIA COM TRATOR DE ESTEIRAS (170HP/LÂMINA: 5,20M3). AF_07/2020 | C32: m³ | D32: 371.65 | E32: = Quantidade conforme memorial de cálculo Movimentação de terra (Volume geométrico)
A33: 2.1.5 | B33: EXECUÇÃO E COMPACTAÇÃO DE CORPO DE ATERRO DE ATERRO (95% DE ENERGIA DO PROCTOR NORMAL) COM SOLO PREDOMINANTEMENTE ARGILOSO ESPESSURA 15 CM - EXCLUSIVE MATERIAL, ESCAVAÇÃO, CARGA E TRANSPORTE. AF_09/2024 | C33: m³ | D33: 232.55 | E33: = Quantidade conforme memorial de cálculo Movimentação de terra (Volume geométrico)
A34: 2.2 | B34: PAVIMENTAÇÃO
A35: 2.2.1 | B35: SUBLEITO
A36: 2.2.1.1 | B36: REGULARIZAÇÃO E COMPACTAÇÃO DE SUBLEITO DE SOLO PREDOMINANTEMENTE ARGILOSO, PARA OBRAS DE CONSTRUÇÃO DE PAVIMENTOS. AF_09/2024 | C36: m² | D36: 1386.68 | E36: = Área geométrica de pavimentação interna + externa = 1.272,59 m²+ 114,09 m²= 1.386,68 m²
A37: 2.2.1.2 | B37: Copia da SINAPI (78472) - SERVICOS TOPOGRAFICOS PARA PAVIMENTACAO, INCLUSIVE NOTA DE SERVICOS, ACOMPANHAMENTO E GREIDE | C37: m² | D37: 1386.68 | E37: = Área geométrica de pavimentação interna + externa = 1.272,59 m²+ 114,09 m²= 1.386,68 m²
A38: 2.2.1.3 | B38: Copia da SINAPI (74021/003) - ENSAIOS DE REGULARIZACAO DO SUBLEITO | C38: m² | D38: 1386.68 | E38: = Área geométrica de pavimentação interna + externa = 1.272,59 m²+ 114,09 m²= 1.386,68 m²
A39: 2.2.2 | B39: SUB-BASE
A40: 2.2.2.1 | B40: CONSTRUÇÃO DE BASE E SUB-BASE PARA PAVIMENTAÇÃO DE SOLO (PREDOMINANTEMENTE ARGILOSO) BRITA - 50%-50%, MISTURA EM PISTA, COM ESPESSURA DE 15 CM - EXCLUSIVE ESCAVAÇÃO, CARGA E TRANSPORTE E SOLO. AF_09/2024 | C40: m³ | D40: 277.34 | E40: = Área de pavimentação x espessura da camada = (1.272,59 m² + 114,09 m²) x 0,20 m = 254,52 m³ (área interna ao lote) + 22,82 m³ (área externa ao lote) = 277,34 m³
A41: 2.2.2.2 | B41: Copia da SINAPI (83356) - TRANSPORTE COMERCIAL DE BRITA | C41: M3XKM | D41: 877.71 | E41: = volume da sub-base x volume de brita/ volume de camada de sub-base x distância de transporte = 277,34 m³ x 0,688 x 4,6 km = 877,71 m³ x km
A42: 2.2.2.3 | B42: FORNECIMENTO DE ARGILA PARA TERRAPLANAGEM - SEM TRANSPORTE | C42: m³ | D42: 37.38 | E42: = Empréstimo de argila para sub-base da área interna: Passo 1: Cálculo do Volume compactado de argila na sub-base (volume compactado sub-base x 50% por ser solo brita 50/50) = 254,52 m³ x 50% = 127,26 m³ de material compactado Passo 2: Cálculo do Peso de material compactado (Volume material compactado x Peso específico compactado) = 127,26 m³ x 1,475 kg/m³ = 187,71kg de material compactado Passo 3: Cálculo do volume de material solto seco (Massa material compactado / peso específico solto seco) = 187,71 kg/ 0,839 kg/m³ = 223,73 m3 Passo 4: Cálculo do volume natural seco aproveitado do corte (Volume de corte - Volume de aterro) = 371,65 m³ - 232,55m³ = 139,10 m³ Passo 5: Cálculo do Peso de material seco aproveitado do corte (volume natural seco aproveitado do corte x Peso específico natural seco) = 139,10 m³ x 1,124 kg/m³ = 156,35 kg Passo 6: Cálculo do volume de material solto seco aproveitado do corte (Peso de material seco aproveitado do corte / Peso específico solto seco) = 156,35 kg / 0,839 kg/m³ = 186,35 m³ Passo 7: Volume do material solto seco calculado no Passo 3 - Volume do material solto seco aproveitado do corte calculado no Passo 6 = 223,73m³ - 186,35 m³ = 37,38 m³
A43: 2.2.2.4 | B43: TRANSPORTE COM CAMINHÃO BASCULANTE DE 18 M³, EM VIA URBANA PAVIMENTADA, DMT ATÉ 30 KM (UNIDADE: M3XKM). AF_07/2020 | C43: M3XKM | D43: 171.93 | E43: = Transporte da Argila do empréstimo: Volume solto de argila x distância de transporte = 37,38 m³ x 4,6 km = 171,93 m³ x km
A44: 2.2.2.5 | B44: Copia da SINAPI (74021/006) - ENSAIOS DE BASE ESTABILIZADA GRANULOMETRICAMENTE | C44: m³ | D44: 277.34 | E44: = Área de pavimentação x espessura da camada = 1.386,68 m² x 0,20 m = 277,34 m³
A45: 2.2.3 | B45: BASE
A46: 2.2.3.1 | B46: CONSTRUÇÃO DE BASE E SUB-BASE PARA PAVIMENTAÇÃO DE BRITA GRADUADA SIMPLES, COM ESPESSURA DE 15 CM - EXCLUSIVE CARGA E TRANSPORTE. AF_09/2024 | C46: m³ | D46: 138.67 | E46: = Volume geométrico da base: Área de pavimentação x espessura da camada = 1.386,68 m² x 0,20 m = 277,34 m³
A47: 2.2.3.2 | B47: Copia da SINAPI (83356) - TRANSPORTE COMERCIAL DE BRITA | C47: M3XKM | D47: 637.86 | E47: = volume da base x distância de transporte = 277,34 m³ x 4,6 km = 1.275,76 m³ x km
A48: 2.2.3.3 | B48: Copia da SINAPI (74021/006) - ENSAIOS DE BASE ESTABILIZADA GRANULOMETRICAMENTE | C48: m³ | D48: 138.67 | E48: = Volume geométrico da base: Área de pavimentação x espessura da camada = 1.386,68 m² x 0,20 m = 277,34 m³
A49: 2.2.4 | B49: REVESTIMENTO
A50: 2.2.4.1 | B50: EXECUÇÃO DE PAVIMENTO COM APLICAÇÃO DE CONCRETO ASFÁLTICO, CAMADA DE ROLAMENTO - EXCLUSIVE CARGA E TRANSPORTE. AF_11/2019 | C50: m³ | D50: 69.33 | E50: = Volume geométrico camada de rolamento: Área de pavimentação x espessura da camada = 1.386,68 m² x 0,05 m = 69,33 m³
A51: 2.2.4.2 | B51: TRANSPORTE COM CAMINHÃO TANQUE DE TRANSPORTE DE MATERIAL ASFÁLTICO DE 30000 L, EM VIA URBANA PAVIMENTADA, DMT ATÉ 30KM (UNIDADE: TXKM). AF_07/2020 | C51: TXKM | D51: 814.81 | E51: = Volume m³ x 2,5548t/m³ x distância de transporte = 69,33 m³ x 2,5548 t/m³ x 4,6 km = 814,81 t x km
A52: 2.2.4.3 | B52: Copia da SINAPI (102470) - EXECUÇÃO DE IMPRIMAÇÃO COM ASFALTO DILUÍDO CM-30, PARA OBRAS DE CONSTRUÇÃO DE PAVIMENTOS. AF_09/2024 | C52: m² | D52: 1386.68 | E52: = Área geométrica de pavimentação interna + externa = 1.272,59 m²+ 114,09 m²= 1.386,68 m²
A53: 2.2.4.4 | B53: Copia da SINAPI (104375) - EXECUÇÃO DE PINTURA DE LIGAÇÃO COM EMULSÃO ASFÁLTICA RR-2C, PARA OBRAS DE CONSTRUÇÃO DE PAVIMENTOS. AF_09/2024 | C53: m² | D53: 1386.68 | E53: = Área geométrica de pavimentação interna + externa = 1.272,59 m²+ 114,09 m²= 1.386,68 m²
A54: 3 | B54: DRENAGEM
A55: 3.1 | B55: REDE DE DRENAGEM
A56: 3.1.1 | B56: LOCAÇÃO DE REDE DE ÁGUA OU ESGOTO. AF_03/2024 | C56: M | D56: 110.7 | E56: = Comprimento rede 400mm + comprimento rede 600mm = 28,8m + 81,9m = 110,7m
A57: 3.1.2 | B57: TUBO DE CONCRETO PARA REDES COLETORAS DE ÁGUAS PLUVIAIS, DIÂMETRO DE 400 MM, JUNTA RÍGIDA, INSTALADO EM LOCAL COM BAIXO NÍVEL DE INTERFERÊNCIAS - FORNECIMENTO E ASSENTAMENTO. AF_03/2024 | C57: M | D57: 28.8 | E57: = Comprimento rede 400mm
A58: 3.1.3 | B58: TUBO DE CONCRETO PARA REDES COLETORAS DE ÁGUAS PLUVIAIS, DIÂMETRO DE 600 MM, JUNTA RÍGIDA, INSTALADO EM LOCAL COM BAIXO NÍVEL DE INTERFERÊNCIAS - FORNECIMENTO E ASSENTAMENTO. AF_03/2024 | C58: M | D58: 81.9 | E58: = Comprimento rede 600mm
A59: 3.1.4 | B59: ESCAVAÇÃO MECANIZADA DE VALA COM PROF. ATÉ 1,5 M (MÉDIA MONTANTE E JUSANTE/UMA COMPOSIÇÃO POR TRECHO), ESCAVADEIRA (0,8 M3),LARG. MENOR QUE 1,5 M, EM SOLO DE 1A CATEGORIA, LOCAIS COM BAIXO NÍVEL DE INTERFERÊNCIA. AF_09/2024 | C59: m³ | D59: 46.58 | E59: = Soma dos volumes escavados com profundidade até 1,5 m (ver aba DRENAGEM)
A60: 3.1.5 | B60: ESCAVAÇÃO MECANIZADA DE VALA COM PROF. MAIOR QUE 1,5 M E ATÉ 3,0 M(MÉDIA MONTANTE E JUSANTE/UMA COMPOSIÇÃO POR TRECHO), ESCAVADEIRA (0,8 M3), LARG. MENOR QUE 1,5 M, EM SOLO DE 1A CATEGORIA, LOCAIS COM BAIXO NÍVEL DE INTERFERÊNCIA. AF_09/2024 | C60: m³ | D60: 274.22 | E60: = Soma dos volumes escavados com profundidade acima de 1,5 m (ver aba DRENAGEM)
A61: 3.1.6 | B61: PREPARO DE FUNDO DE VALA COM LARGURA MENOR QUE 1,5 M (ACERTO DO SOLO NATURAL). AF_08/2020 | C61: m² | D61: 104.94 | E61: = Área de preparo de fundo de vala (ver aba DRENAGEM)
A62: 3.1.7 | B62: REATERRO MECANIZADO DE VALA COM RETROESCAVADEIRA (CAPACIDADE DA CAÇAMBA DA RETRO: 0,26 M³/POTÊNCIA: 88 HP), LARGURA DE 0,8 A 1,5 M, PROFUNDIDADE ATÉ 1,5 M, COM SOLO (SEM SUBSTITUIÇÃO) DE 1ª CATEGORIA, COM PLACA VIBRATÓRIA. AF_08/2023 | C62: m³ | D62: 230.78 | E62: = Volume de reaterro (ver aba DRENAGEM)
A63: 3.2 | B63: POÇOS DE VISITA E BOCAS DE LOBO
A64: 3.2.1 | B64: CAIXA PARA BOCA DE LOBO SIMPLES RETANGULAR, EM CONCRETO PRÉ-MOLDADO, DIMENSÕES INTERNAS: 0,6X1,0X1,2 M. AF_12/2020 | C64: UN | D64: 4 | E64: = Quantidade conforme levantamento de projeto (contagem).
A65: 3.2.2 | B65: BASE PARA POÇO DE VISITA CIRCULAR PARA DRENAGEM, EM CONCRETO PRÉ-MOLDADO, DIÂMETRO INTERNO = 1,50 M, PROFUNDIDADE = 1,35 M, EXCLUINDO TAMPÃO. AF_12/2020 | C65: UN | D65: 4 | E65: = Quantidade conforme levantamento de projeto (contagem).
A66: 3.2.3 | B66: CHAMINÉ CIRCULAR PARA POÇO DE VISITA PARA DRENAGEM, EM CONCRETO PRÉ-MOLDADO, DIÂMETRO INTERNO = 0,6 M. AF_12/2020 | C66: M | D66: 1.15 | E66: = comprimento das chaminés dos 4 PVs =1,45-1,35+(1,8-1,45)*3
A67: 3.2.4 | B67: CAIXA COM GRELHA RETANGULAR DE FERRO FUNDIDO, EM ALVENARIA COM BLOCOS DE CONCRETO, DIMENSÕES INTERNAS: 0,30 X 1,00 X 1,00. AF_12/2020 | C67: UN | D67: 1 | E67: = Quantidade conforme levantamento de projeto (contagem).
A68: 3.2.5 | B68: INSTALAÇÃO E FORNECIMENTO DE TAMPAO FOFO ARTICULADO, COM BASE / REQUADRO, CLASSE D400 CARGA MAX 40 T, REDONDO, TAMPA 600 MM (COM INSCRICAO EM RELEVO DO TIPO DE REDE) | C68: UN | D68: 4 | E68: = Quantidade conforme levantamento de projeto (contagem).
A69: 3.3 | B69: DRENAGEM SUPERFICIAL
A70: 3.3.1 | B70: ÁREA INTERNA
A71: 3.3.1.1 | B71: ASSENTAMENTO DE GUIA (MEIO-FIO) EM TRECHO RETO, CONFECCIONADA EM CONCRETO PRÉ-FABRICADO, DIMENSÕES 100X15X13X30 CM (COMPRIMENTO X BASE INFERIOR X BASE SUPERIOR X ALTURA). AF_01/2024 | C71: M | D71: 217.2 | E71: = Quantidade conforme levantamento de projeto. (Ver aba Pavimentação)
A72: 3.3.1.2 | B72: ASSENTAMENTO DE GUIA (MEIO-FIO) EM TRECHO CURVO, CONFECCIONADA EM CONCRETO PRÉ-FABRICADO, DIMENSÕES 100X15X13X30 CM (COMPRIMENTO X BASE INFERIOR X BASE SUPERIOR X ALTURA). AF_01/2024 | C72: M | D72: 9 | E72: = Quantidade conforme levantamento de projeto. (Ver aba Pavimentação)
A73: 3.3.1.3 | B73: PINTURA DE MEIO-FIO COM TINTA BRANCA A BASE DE CAL (CAIAÇÃO). AF_05/2021 | C73: M | D73: 226.2 | E73: = guia trecho reto + guia trecho curvo = 217,2 + 9 = 226,2 m
A74: 3.3.2 | B74: ÁREA EXTERNA
A75: 3.3.2.1 | B75: ASSENTAMENTO DE GUIA (MEIO-FIO) EM TRECHO CURVO, CONFECCIONADA EM CONCRETO PRÉ-FABRICADO, DIMENSÕES 100X15X13X30 CM (COMPRIMENTO X BASE INFERIOR X BASE SUPERIOR X ALTURA). AF_01/2024 | C75: M | D75: 23.35 | E75: = Quantidade conforme levantamento de projeto. (Ver aba Pavimentação)
A76: 3.3.2.2 | B76: PINTURA DE MEIO-FIO COM TINTA BRANCA A BASE DE CAL (CAIAÇÃO). AF_05/2021 | C76: M | D76: 23.35 | E76: = Quantidade conforme levantamento de projeto. (Ver aba Pavimentação)
A77: 3.3.2.3 | B77: DEMOLIÇÃO DE GUIAS, SARJETAS OU SARJETÕES, DE FORMA MECANIZADA, SEM REAPROVEITAMENTO. AF_09/2023 | C77: M | D77: 15 | E77: = Quantidade conforme levantamento de projeto. (Ver aba Pavimentação)
A78: 4 | B78: FUNDAÇÕES E ESTRUTURAS
A79: 4.1 | B79: FUNDAÇÃO
A80: 4.1.1 | B80: ESTACAS
A81: 4.1.1.1 | B81: Copia da SINAPI (100897) - ESTACA ESCAVADA MECANICAMENTE, SEM FLUIDO ESTABILIZANTE, COM 40CM DE DIÂMETRO, CONCRETO 25 MPa LANÇADO POR CAMINHÃO BETONEIRA | C81: M | D81: 440 | E81: = Quantitativo conforme memorial do projeto, emitido por software.
A82: 4.1.1.2 | B82: Copia da SINAPI (100896) - ESTACA ESCAVADA MECANICAMENTE, SEM FLUIDO ESTABILIZANTE, COM 30CM DE DIÂMETRO, CONCRETO 25 MPa LANÇADO POR CAMINHÃO BETONEIRA | C82: M | D82: 104 | E82: = Quantitativo conforme memorial do projeto, emitido por software.
A83: 4.1.1.3 | B83: MONTAGEM DE ARMADURA DE ESTACAS, DIÂMETRO = 12,5 MM. AF_09/2021_PS | C83: KG | D83: 976 | E83: = Quantitativo conforme memorial do projeto, emitido por software.
A84: 4.1.1.4 | B84: Copia da SINAPI (95578) - MONTAGEM DE ARMADURA LONGITUDINAL/TRANSVERSAL DE ESTACAS DE SEÇÃO CIRCULAR, DIÂMETRO = 10 MM. AF_11/2016 | C84: KG | D84: 148.1 | E84: = Quantitativo conforme memorial do projeto, emitido por software.
A85: 4.1.1.5 | B85: ARRASAMENTO MECANICO DE ESTACA DE CONCRETO ARMADO, DIAMETROS DE ATÉ 40 CM. AF_05/2021 | C85: UN | D85: 68 | E85: = Quantitativo conforme memorial do projeto, emitido por software.
A86: 4.1.1.6 | B86: MONTAGEM DE ARMADURA TRANSVERSAL DE ESTACAS DE SEÇÃO CIRCULAR, DIÂMETRO = 5,0 MM. AF_09/2021_PS | C86: KG | D86: 186.55 | E86: = Quantitativo conforme memorial do projeto, emitido por software.
A87: 4.1.2 | B87: BLOCOS DE COROAMENTO
A88: 4.1.2.1 | B88: LASTRO DE CONCRETO MAGRO, APLICADO EM BLOCOS DE COROAMENTO OU SAPATAS, ESPESSURA DE 3 CM. AF_01/2024 | C88: m² | D88: 32.49 | E88: = Quantitativo conforme memorial do projeto, emitido por software.
A89: 4.1.2.2 | B89: ESCAVAÇÃO MECANIZADA PARA BLOCO DE COROAMENTO OU SAPATA COM RETROESCAVADEIRA (INCLUINDO ESCAVAÇÃO PARA COLOCAÇÃO DE FÔRMAS). AF_01/2024 | C89: m³ | D89: 55.18 | E89: = Quantitativo conforme memorial do projeto, emitido por software.
A90: 4.1.2.3 | B90: FABRICAÇÃO, MONTAGEM E DESMONTAGEM DE FÔRMA PARA BLOCO DE COROAMENTO, EM MADEIRA SERRADA, E=25 MM, 4 UTILIZAÇÕES. AF_01/2024 | C90: m² | D90: 94.32 | E90: = Quantitativo conforme memorial do projeto, emitido por software.
A91: 4.1.2.4 | B91: Copia da SINAPI (96557) - CONCRETAGEM DE BLOCOS DE COROAMENTO E VIGAS BALDRAMES, FCK 25 MPA, COM USO DE BOMBA - LANÇAMENTO, ADENSAMENTO E ACABAMENTO. AF_06/2017 | C91: m³ | D91: 21.42 | E91: = Quantitativo conforme memorial do projeto, emitido por software.
A92: 4.1.2.5 | B92: ARMAÇÃO DE BLOCO UTILIZANDO AÇO CA-60 DE 5 MM - MONTAGEM. AF_01/2024 | C92: KG | D92: 63.27 | E92: = Quantitativo conforme memorial do projeto, emitido por software.
A93: 4.1.2.6 | B93: ARMAÇÃO DE BLOCO UTILIZANDO AÇO CA-50 DE 6,3 MM - MONTAGEM. AF_01/2024 | C93: KG | D93: 202.91 | E93: = Quantitativo conforme memorial do projeto, emitido por software.
A94: 4.1.2.7 | B94: ARMAÇÃO DE BLOCO UTILIZANDO AÇO CA-50 DE 8 MM - MONTAGEM. AF_01/2024 | C94: KG | D94: 105.73 | E94: = Quantitativo conforme memorial do projeto, emitido por software.
A95: 4.1.2.8 | B95: ARMAÇÃO DE BLOCO UTILIZANDO AÇO CA-50 DE 10 MM - MONTAGEM. AF_01/2024 | C95: KG | D95: 98.18 | E95: = Quantitativo conforme memorial do projeto, emitido por software.
A96: 4.1.2.9 | B96: ARMAÇÃO DE BLOCO, SAPATA ISOLADA, VIGA BALDRAME E SAPATA CORRIDA UTILIZANDO AÇO CA-50 DE 12,5 MM - MONTAGEM. AF_01/2024 | C96: KG | D96: 203.64 | E96: = Quantitativo conforme memorial do projeto, emitido por software.
A97: 4.2 | B97: ESTRUTURA EM CONCRETO ARMADO
A98: 4.2.1 | B98: PILARES
A99: 4.2.1.1 | B99: MONTAGEM E DESMONTAGEM DE FÔRMA DE PILARES RETANGULARES E ESTRUTURAS SIMILARES, PÉ-DIREITO SIMPLES, EM CHAPA DE MADEIRA COMPENSADA PLASTIFICADA, 14 UTILIZAÇÕES. AF_09/2020 | C99: m² | D99: 215.09 | E99: = Quantitativo conforme memorial do projeto, emitido por software.
A100: 4.2.1.2 | B100: CONCRETAGEM DE PILARES, FCK = 25 MPA, COM USO DE BOMBA - LANÇAMENTO, ADENSAMENTO E ACABAMENTO. AF_02/2022_PS | C100: m³ | D100: 11.54 | E100: = Quantitativo conforme memorial do projeto, emitido por software.
...
